 Dungeon Crawl Stone Soup version 0.30.0-20-g3615ddf2f0 (webtiles) character file.

Game seed: 12559324246576292725

317 qw the Chopper (level 6, 38/38 HPs)
             Began as a Gargoyle Fighter on May 28, 2023.
             Quit the game on level 4 of the Dungeon.
             The game lasted 00:19:43 (4397 turns).

qw the Chopper (Gargoyle Fighter)                   Turns: 4397, Time: 00:19:44

Health: 38/38      AC: 18    Str: 21    XL:     6   Next: 45%
Magic:  6/6        EV: 21    Int:  9    God:
Gold:   129        SH:  5    Dex: 15    Spells: 5/5 levels left

rFire   . . .        Y - +1 war axe
rCold   . . .        c - +0 buckler
rNeg    + . .        e - +0 plate armour
rPois   inf          l - +0 helmet
rElec   +            (no cloak)
rCorr   .            (no gloves)
SInv    .            a - +0 pair of boots
Will    +....        b - amulet of the acrobat Stlth
                     g - +6 ring of dexterity
HPRegen 0.26/turn    k - ring of willpower
MPRegen 0.10/turn

%: acrobat
@: acrobatic
A: sickness immunity, AC +4, negative energy resistance 1, electricity
resistance, torment resistance 1, petrification resistance
a: no special abilities


You were on level 4 of the Dungeon.
You visited 1 branch of the dungeon, and saw 7 of its levels.

You collected 129 gold pieces.


Innate Abilities, Weirdness & Mutations

You are immune to sickness and miasma.
Your stone body is resilient. (AC +4)
You are immune to poison.
You resist negative energy. (rN+)
You are resistant to electric shocks. (rElec)
You are resistant to unholy torment.
You are immune to petrification.


   Skills:
 - Level 4.1 Fighting
 + Level 5.0 Axes
 - Level 3.2 Armour
 - Level 2.1 Dodging
 - Level 3.2 Shields


You had 5 spell levels left.
You didn't know any spells.
Your spell library was empty.

Inventory:

Hand Weapons
 j - a +1 whip of electrocution
 Y - a +1 war axe (weapon)
Armour
 a - a +0 pair of boots (worn)
 c - a +0 buckler (worn)
 e - a +0 plate armour (worn)
 l - a +0 helmet (worn)
Jewellery
 b - an amulet of the acrobat (around neck)
 g - a +6 ring of dexterity (left hand)
 k - a ring of willpower (right hand)
Scrolls
 m - a scroll of identify
Potions
 d - a potion of might
 f - a potion of cancellation
 h - 2 potions of lignification
 i - 3 potions of curing
 o - a potion of attraction {unknown}

Dungeon Overview and Level Annotations

Branches:
Dungeon (7/15)
 Temple: D:4-7

Altars:
Uskayaw

Annotations:
D:1 1 transporter
D:3 2 transporters, qw's ghost, amateur GrFi


Message History

Enter note:
Enter note:
Enter note:
Enter note:
Enter note:
Enter note:
Enter note:
Enter note:
Enter note:
Enter note:
Enter note:
Enter note:
Enter note:
Enter note:
Enter note:
Enter note:
Enter note:
Enter note:
Enter note:
Enter note:
Enter note:
Enter note:
Enter note:
Enter note:
Enter note:
Enter note:
Enter note:
Enter note:
Enter note:
Enter note:
Enter note:
Enter note:
Enter note:
Enter note:
Enter note:
Enter note:
Enter note:
Enter note:
4396 ||| Stepping randomly (stuck).
Are you sure you want to abandon this character and quit the game? (Confirm with "yes".)

#........#
#..........###
#........#
#.......##.#.#
##........#
#..........#.####
..........#
#####..........#....#
..........#
#...........#.#####.#
..........#
#.........###....##..
..........#
#........#######.##.#
##........#
#........#.....#.####
#........#
#...@....#.###.#.# #
#........#
#........#.#..)#.# #
##########
#........#.#.....####
########.#.#........#
#.#......###.#
#.#.#.#...##.#
#.#.>.....##..
#.#.......####
#.......#.#


There were no monsters in sight!

Vanquished Creatures
  An ogre (D:4)
  A scorpion (D:5)
  Jessica (D:3)
  An iguana (D:4)
  Robin (D:3)
  2 adders (D:2)
  A white imp (D:7)
  An ufetubus (D:7)
  A worm (D:1)
  2 orcs (D:3)
  6 ball pythons
  10 endoplasms
  5 giant cockroaches
  16 goblins
  6 hobgoblins
  5 jackals
  3 kobolds
  2 quokkas
  2 bats (D:3)
  2 frilled lizards (D:1)
  6 rats
75 creatures vanquished.

Notes
Turn   | Place    | Note
-------+----------+-------------------------------------------
     0 | D:1      | qw the Gargoyle Fighter began the quest for the Orb.
     0 | D:1      | Reached XP level 1. HP: 14/14 MP: 1/1
     0 | D:1      | 0 ||| qw: Version: 0.2-a-100-g7972860
     0 | D:1      | 0 ||| qw: Game counter: 249
     0 | D:1      | 0 ||| qw: Always use a shield: true
     0 | D:1      | 0 ||| qw: God list: Okawaru
     0 | D:1      | 0 ||| qw: Allow faded altars: false
     0 | D:1      | 0 ||| qw: Do Orc after D:15 true
     0 | D:1      | 0 ||| qw: Do second Lair branch before Depths: true
     0 | D:1      | 0 ||| qw: Lair rune preference: random
     0 | D:1      | 0 ||| qw: Plans: Normal, Zot:1-4, Slime:5, God:TSO, Crypt,
                  | Tomb, Pan, Hells, Abyss, Win
     0 | D:1      | 0 ||| PLANNING D:1-11
    59 | D:1      | Reached skill level 2 in Axes
   191 | D:1      | Reached XP level 2. HP: 19/19 MP: 2/2
   481 | D:1      | 481 ||| DROPPING +0 club.
  1028 | D:1      | 1028 ||| UPGRADING to +0 plate armour.
  1038 | D:1      | 1038 ||| DROPPING +0 scale mail.
  1039 | D:1      | 1039 ||| UPGRADING to +6 ring of dexterity.
  1040 | D:1      | 1040 ||| READING scroll labelled VESEKHLASUI.
  1041 | D:1      | 1041 ||| READING scroll labelled JIHUR NAYLOMNACU.
  1060 | D:2      | 1060 ||| STAIRDANCE
  1069 | D:1      | Reached skill level 3 in Axes
  1069 | D:1      | Reached XP level 3. HP: 17/23 MP: 3/3
  1095 | D:2      | 1095 ||| STAIRDANCE
  1275 | D:2      | 1275 ||| Stepping ~*~*~tactically~*~*~ (stealth).
  1336 | D:2      | Found a hide-covered altar of Uskayaw.
  1405 | D:2      | Found a faded altar of an unknown god.
  1419 | D:2      | Reached XP level 4. HP: 28/28 MP: 4/4
  1565 | D:2      | 1565 ||| UPGRADING to +0 pair of boots.
  1570 | D:2      | 1570 ||| UPGRADING to amulet of the acrobat.
  1575 | D:2      | 1575 ||| READING scroll labelled KOC TAUHITROPH.
  1576 | D:2      | 1576 ||| READING scroll labelled GIEM SOUNE.
  1577 | D:2      | 1577 ||| DRINKING 2 murky white potions.
  1599 | D:2      | 1599 ||| DRINKING 3 clear potions.
  1631 | D:3      | Found a transporter.
  1638 | D:3      | Found a transporter.
  1642 | D:3      | Noticed qw's ghost (amateur GrFi)
  1705 | D:3      | Noticed Jessica
  1720 | D:3      | HP: 6/28 [Jessica/+8 club (3)]
  1722 | D:3      | Killed Jessica
  1723 | D:3      | Reached skill level 4 in Axes
  1996 | D:3      | 1996 ||| Stepping ~*~*~tactically~*~*~ (stealth).
  1997 | D:3      | 1997 ||| Stepping ~*~*~tactically~*~*~ (stealth).
  2017 | D:3      | 2017 ||| Stepping ~*~*~tactically~*~*~ (hiding).
  2033 | D:3      | Noticed Robin
  2042 | D:3      | Killed Robin
  2043 | D:3      | Reached XP level 5. HP: 27/32 MP: 5/5
  2043 | D:3      | 2043 ||| FLEEEEING.
  2044 | D:3      | 2044 ||| FLEEEEING.
  2045 | D:3      | 2045 ||| FLEEEEING.
  2046 | D:3      | 2046 ||| FLEEEEING.
  2047 | D:3      | 2047 ||| FLEEEEING.
  2615 | D:3      | 2615 ||| UPGRADING to +0 helmet.
  2620 | D:3      | 2620 ||| UPGRADING to ring of willpower.
  2680 | D:4      | Noticed an ogre
  2688 | D:4      | Reached skill level 5 in Axes
  2693 | D:4      | Killed an ogre
  2694 | D:4      | Reached XP level 6. HP: 16/37 MP: 6/6
  2803 | D:4      | You fall into a shaft and drop 3 floors!
  2948 | D:7      | 2948 ||| READING scroll labelled QONALIH MAKK.
  2949 | D:7      | 2949 ||| READING 2 scrolls of identify.
  2949 | D:7      | 2949 ||| IDENTIFYING lumpy pink potion
  2958 | D:7      | 2958 ||| STAIRDANCE
  2958 | D:7      | Noticed a gargoyle
  2960 | D:6      | 2960 ||| FLEEEEING.
  2961 | D:6      | 2961 ||| STAIRDANCE
  2962 | D:5      | Entered Level 5 of the Dungeon
  3061 | D:4      | 3061 ||| Stepping ~*~*~tactically~*~*~ (stealth).
  3137 | D:4      | 3137 ||| READING scroll labelled DUSIZX KOLOLEF.
  3147 | D:4      | 3147 ||| Stepping randomly (stuck).
  3148 | D:4      | 3148 ||| Stepping randomly (stuck).
  3149 | D:4      | 3149 ||| Stepping randomly (stuck).
  3150 | D:4      | 3150 ||| Stepping randomly (stuck).
  3151 | D:4      | 3151 ||| Stepping randomly (stuck).
  3152 | D:4      | 3152 ||| Stepping randomly (stuck).
  3153 | D:4      | 3153 ||| Stepping randomly (stuck).
  3154 | D:4      | 3154 ||| Stepping randomly (stuck).
  3155 | D:4      | 3155 ||| Stepping randomly (stuck).
  3156 | D:4      | 3156 ||| Stepping randomly (stuck).
  3157 | D:4      | 3157 ||| Stepping randomly (stuck).
  3158 | D:4      | 3158 ||| Stepping randomly (stuck).
  3159 | D:4      | 3159 ||| Stepping randomly (stuck).
  3160 | D:4      | 3160 ||| Stepping randomly (stuck).
  3161 | D:4      | 3161 ||| Stepping randomly (stuck).
  3162 | D:4      | 3162 ||| Stepping randomly (stuck).
  3163 | D:4      | 3163 ||| Stepping randomly (stuck).
  3164 | D:4      | 3164 ||| Stepping randomly (stuck).
  3165 | D:4      | 3165 ||| Stepping randomly (stuck).
  3166 | D:4      | 3166 ||| Stepping randomly (stuck).
  3167 | D:4      | 3167 ||| Stepping randomly (stuck).
  3168 | D:4      | 3168 ||| Stepping randomly (stuck).
  3169 | D:4      | 3169 ||| Stepping randomly (stuck).
  3170 | D:4      | 3170 ||| Stepping randomly (stuck).
  3171 | D:4      | 3171 ||| Stepping randomly (stuck).
  3172 | D:4      | 3172 ||| Stepping randomly (stuck).
  3173 | D:4      | 3173 ||| Stepping randomly (stuck).
  3174 | D:4      | 3174 ||| Stepping randomly (stuck).
  3175 | D:4      | 3175 ||| Stepping randomly (stuck).
  3176 | D:4      | 3176 ||| Stepping randomly (stuck).
  3177 | D:4      | 3177 ||| Stepping randomly (stuck).
  3178 | D:4      | 3178 ||| Stepping randomly (stuck).
  3179 | D:4      | 3179 ||| Stepping randomly (stuck).
  3180 | D:4      | 3180 ||| Stepping randomly (stuck).
  3181 | D:4      | 3181 ||| Stepping randomly (stuck).
  3182 | D:4      | 3182 ||| Stepping randomly (stuck).
  3183 | D:4      | 3183 ||| Stepping randomly (stuck).
  3184 | D:4      | 3184 ||| Stepping randomly (stuck).
  3185 | D:4      | 3185 ||| Stepping randomly (stuck).
  3186 | D:4      | 3186 ||| Stepping randomly (stuck).
  3187 | D:4      | 3187 ||| Stepping randomly (stuck).
  3188 | D:4      | 3188 ||| Stepping randomly (stuck).
  3189 | D:4      | 3189 ||| Stepping randomly (stuck).
  3190 | D:4      | 3190 ||| Stepping randomly (stuck).
  3191 | D:4      | 3191 ||| Stepping randomly (stuck).
  3192 | D:4      | 3192 ||| Stepping randomly (stuck).
  3193 | D:4      | 3193 ||| Stepping randomly (stuck).
  3194 | D:4      | 3194 ||| Stepping randomly (stuck).
  3195 | D:4      | 3195 ||| Stepping randomly (stuck).
  3196 | D:4      | 3196 ||| Stepping randomly (stuck).
  3197 | D:4      | 3197 ||| Stepping randomly (stuck).
  3198 | D:4      | 3198 ||| Stepping randomly (stuck).
  3199 | D:4      | 3199 ||| Stepping randomly (stuck).
  3200 | D:4      | 3200 ||| Stepping randomly (stuck).
  3201 | D:4      | 3201 ||| Stepping randomly (stuck).
  3202 | D:4      | 3202 ||| Stepping randomly (stuck).
  3203 | D:4      | 3203 ||| Stepping randomly (stuck).
  3204 | D:4      | 3204 ||| Stepping randomly (stuck).
  3205 | D:4      | 3205 ||| Stepping randomly (stuck).
  3206 | D:4      | 3206 ||| Stepping randomly (stuck).
  3207 | D:4      | 3207 ||| Stepping randomly (stuck).
  3208 | D:4      | 3208 ||| Stepping randomly (stuck).
  3209 | D:4      | 3209 ||| Stepping randomly (stuck).
  3210 | D:4      | 3210 ||| Stepping randomly (stuck).
  3211 | D:4      | 3211 ||| Stepping randomly (stuck).
  3212 | D:4      | 3212 ||| Stepping randomly (stuck).
  3213 | D:4      | 3213 ||| Stepping randomly (stuck).
  3214 | D:4      | 3214 ||| Stepping randomly (stuck).
  3215 | D:4      | 3215 ||| Stepping randomly (stuck).
  3216 | D:4      | 3216 ||| Stepping randomly (stuck).
  3217 | D:4      | 3217 ||| Stepping randomly (stuck).
  3218 | D:4      | 3218 ||| Stepping randomly (stuck).
  3219 | D:4      | 3219 ||| Stepping randomly (stuck).
  3220 | D:4      | 3220 ||| Stepping randomly (stuck).
  3221 | D:4      | 3221 ||| Stepping randomly (stuck).
  3222 | D:4      | 3222 ||| Stepping randomly (stuck).
  3223 | D:4      | 3223 ||| Stepping randomly (stuck).
  3224 | D:4      | 3224 ||| Stepping randomly (stuck).
  3225 | D:4      | 3225 ||| Stepping randomly (stuck).
  3226 | D:4      | 3226 ||| Stepping randomly (stuck).
  3227 | D:4      | 3227 ||| Stepping randomly (stuck).
  3228 | D:4      | 3228 ||| Stepping randomly (stuck).
  3229 | D:4      | 3229 ||| Stepping randomly (stuck).
  3230 | D:4      | 3230 ||| Stepping randomly (stuck).
  3231 | D:4      | 3231 ||| Stepping randomly (stuck).
  3232 | D:4      | 3232 ||| Stepping randomly (stuck).
  3233 | D:4      | 3233 ||| Stepping randomly (stuck).
  3234 | D:4      | 3234 ||| Stepping randomly (stuck).
  3235 | D:4      | 3235 ||| Stepping randomly (stuck).
  3236 | D:4      | 3236 ||| Stepping randomly (stuck).
  3237 | D:4      | 3237 ||| Stepping randomly (stuck).
  3238 | D:4      | 3238 ||| Stepping randomly (stuck).
  3239 | D:4      | 3239 ||| Stepping randomly (stuck).
  3240 | D:4      | 3240 ||| Stepping randomly (stuck).
  3241 | D:4      | 3241 ||| Stepping randomly (stuck).
  3242 | D:4      | 3242 ||| Stepping randomly (stuck).
  3243 | D:4      | 3243 ||| Stepping randomly (stuck).
  3244 | D:4      | 3244 ||| Stepping randomly (stuck).
  3245 | D:4      | 3245 ||| Stepping randomly (stuck).
  3246 | D:4      | 3246 ||| Stepping randomly (stuck).
  3247 | D:4      | 3247 ||| Stepping randomly (stuck).
  3248 | D:4      | 3248 ||| Stepping randomly (stuck).
  3249 | D:4      | 3249 ||| Stepping randomly (stuck).
  3250 | D:4      | 3250 ||| Stepping randomly (stuck).
  3251 | D:4      | 3251 ||| Stepping randomly (stuck).
  3252 | D:4      | 3252 ||| Stepping randomly (stuck).
  3253 | D:4      | 3253 ||| Stepping randomly (stuck).
  3254 | D:4      | 3254 ||| Stepping randomly (stuck).
  3255 | D:4      | 3255 ||| Stepping randomly (stuck).
  3256 | D:4      | 3256 ||| Stepping randomly (stuck).
  3257 | D:4      | 3257 ||| Stepping randomly (stuck).
  3258 | D:4      | 3258 ||| Stepping randomly (stuck).
  3259 | D:4      | 3259 ||| Stepping randomly (stuck).
  3260 | D:4      | 3260 ||| Stepping randomly (stuck).
  3261 | D:4      | 3261 ||| Stepping randomly (stuck).
  3262 | D:4      | 3262 ||| Stepping randomly (stuck).
  3263 | D:4      | 3263 ||| Stepping randomly (stuck).
  3264 | D:4      | 3264 ||| Stepping randomly (stuck).
  3265 | D:4      | 3265 ||| Stepping randomly (stuck).
  3266 | D:4      | 3266 ||| Stepping randomly (stuck).
  3267 | D:4      | 3267 ||| Stepping randomly (stuck).
  3268 | D:4      | 3268 ||| Stepping randomly (stuck).
  3269 | D:4      | 3269 ||| Stepping randomly (stuck).
  3270 | D:4      | 3270 ||| Stepping randomly (stuck).
  3271 | D:4      | 3271 ||| Stepping randomly (stuck).
  3272 | D:4      | 3272 ||| Stepping randomly (stuck).
  3273 | D:4      | 3273 ||| Stepping randomly (stuck).
  3274 | D:4      | 3274 ||| Stepping randomly (stuck).
  3275 | D:4      | 3275 ||| Stepping randomly (stuck).
  3276 | D:4      | 3276 ||| Stepping randomly (stuck).
  3277 | D:4      | 3277 ||| Stepping randomly (stuck).
  3278 | D:4      | 3278 ||| Stepping randomly (stuck).
  3279 | D:4      | 3279 ||| Stepping randomly (stuck).
  3280 | D:4      | 3280 ||| Stepping randomly (stuck).
  3281 | D:4      | 3281 ||| Stepping randomly (stuck).
  3282 | D:4      | 3282 ||| Stepping randomly (stuck).
  3283 | D:4      | 3283 ||| Stepping randomly (stuck).
  3284 | D:4      | 3284 ||| Stepping randomly (stuck).
  3285 | D:4      | 3285 ||| Stepping randomly (stuck).
  3286 | D:4      | 3286 ||| Stepping randomly (stuck).
  3287 | D:4      | 3287 ||| Stepping randomly (stuck).
  3288 | D:4      | 3288 ||| Stepping randomly (stuck).
  3289 | D:4      | 3289 ||| Stepping randomly (stuck).
  3290 | D:4      | 3290 ||| Stepping randomly (stuck).
  3291 | D:4      | 3291 ||| Stepping randomly (stuck).
  3292 | D:4      | 3292 ||| Stepping randomly (stuck).
  3293 | D:4      | 3293 ||| Stepping randomly (stuck).
  3294 | D:4      | 3294 ||| Stepping randomly (stuck).
  3295 | D:4      | 3295 ||| Stepping randomly (stuck).
  3296 | D:4      | 3296 ||| Stepping randomly (stuck).
  3297 | D:4      | 3297 ||| Stepping randomly (stuck).
  3298 | D:4      | 3298 ||| Stepping randomly (stuck).
  3299 | D:4      | 3299 ||| Stepping randomly (stuck).
  3300 | D:4      | 3300 ||| Stepping randomly (stuck).
  3301 | D:4      | 3301 ||| Stepping randomly (stuck).
  3302 | D:4      | 3302 ||| Stepping randomly (stuck).
  3303 | D:4      | 3303 ||| Stepping randomly (stuck).
  3304 | D:4      | 3304 ||| Stepping randomly (stuck).
  3305 | D:4      | 3305 ||| Stepping randomly (stuck).
  3306 | D:4      | 3306 ||| Stepping randomly (stuck).
  3307 | D:4      | 3307 ||| Stepping randomly (stuck).
  3308 | D:4      | 3308 ||| Stepping randomly (stuck).
  3309 | D:4      | 3309 ||| Stepping randomly (stuck).
  3310 | D:4      | 3310 ||| Stepping randomly (stuck).
  3311 | D:4      | 3311 ||| Stepping randomly (stuck).
  3312 | D:4      | 3312 ||| Stepping randomly (stuck).
  3313 | D:4      | 3313 ||| Stepping randomly (stuck).
  3314 | D:4      | 3314 ||| Stepping randomly (stuck).
  3315 | D:4      | 3315 ||| Stepping randomly (stuck).
  3316 | D:4      | 3316 ||| Stepping randomly (stuck).
  3317 | D:4      | 3317 ||| Stepping randomly (stuck).
  3318 | D:4      | 3318 ||| Stepping randomly (stuck).
  3319 | D:4      | 3319 ||| Stepping randomly (stuck).
  3320 | D:4      | 3320 ||| Stepping randomly (stuck).
  3321 | D:4      | 3321 ||| Stepping randomly (stuck).
  3322 | D:4      | 3322 ||| Stepping randomly (stuck).
  3323 | D:4      | 3323 ||| Stepping randomly (stuck).
  3324 | D:4      | 3324 ||| Stepping randomly (stuck).
  3325 | D:4      | 3325 ||| Stepping randomly (stuck).
  3326 | D:4      | 3326 ||| Stepping randomly (stuck).
  3327 | D:4      | 3327 ||| Stepping randomly (stuck).
  3328 | D:4      | 3328 ||| Stepping randomly (stuck).
  3329 | D:4      | 3329 ||| Stepping randomly (stuck).
  3330 | D:4      | 3330 ||| Stepping randomly (stuck).
  3331 | D:4      | 3331 ||| Stepping randomly (stuck).
  3332 | D:4      | 3332 ||| Stepping randomly (stuck).
  3333 | D:4      | 3333 ||| Stepping randomly (stuck).
  3334 | D:4      | 3334 ||| Stepping randomly (stuck).
  3335 | D:4      | 3335 ||| Stepping randomly (stuck).
  3336 | D:4      | 3336 ||| Stepping randomly (stuck).
  3337 | D:4      | 3337 ||| Stepping randomly (stuck).
  3338 | D:4      | 3338 ||| Stepping randomly (stuck).
  3339 | D:4      | 3339 ||| Stepping randomly (stuck).
  3340 | D:4      | 3340 ||| Stepping randomly (stuck).
  3341 | D:4      | 3341 ||| Stepping randomly (stuck).
  3342 | D:4      | 3342 ||| Stepping randomly (stuck).
  3343 | D:4      | 3343 ||| Stepping randomly (stuck).
  3344 | D:4      | 3344 ||| Stepping randomly (stuck).
  3345 | D:4      | 3345 ||| Stepping randomly (stuck).
  3346 | D:4      | 3346 ||| Stepping randomly (stuck).
  3347 | D:4      | 3347 ||| Stepping randomly (stuck).
  3348 | D:4      | 3348 ||| Stepping randomly (stuck).
  3349 | D:4      | 3349 ||| Stepping randomly (stuck).
  3350 | D:4      | 3350 ||| Stepping randomly (stuck).
  3351 | D:4      | 3351 ||| Stepping randomly (stuck).
  3352 | D:4      | 3352 ||| Stepping randomly (stuck).
  3353 | D:4      | 3353 ||| Stepping randomly (stuck).
  3354 | D:4      | 3354 ||| Stepping randomly (stuck).
  3355 | D:4      | 3355 ||| Stepping randomly (stuck).
  3356 | D:4      | 3356 ||| Stepping randomly (stuck).
  3357 | D:4      | 3357 ||| Stepping randomly (stuck).
  3358 | D:4      | 3358 ||| Stepping randomly (stuck).
  3359 | D:4      | 3359 ||| Stepping randomly (stuck).
  3360 | D:4      | 3360 ||| Stepping randomly (stuck).
  3361 | D:4      | 3361 ||| Stepping randomly (stuck).
  3362 | D:4      | 3362 ||| Stepping randomly (stuck).
  3363 | D:4      | 3363 ||| Stepping randomly (stuck).
  3364 | D:4      | 3364 ||| Stepping randomly (stuck).
  3365 | D:4      | 3365 ||| Stepping randomly (stuck).
  3366 | D:4      | 3366 ||| Stepping randomly (stuck).
  3367 | D:4      | 3367 ||| Stepping randomly (stuck).
  3368 | D:4      | 3368 ||| Stepping randomly (stuck).
  3369 | D:4      | 3369 ||| Stepping randomly (stuck).
  3370 | D:4      | 3370 ||| Stepping randomly (stuck).
  3371 | D:4      | 3371 ||| Stepping randomly (stuck).
  3372 | D:4      | 3372 ||| Stepping randomly (stuck).
  3373 | D:4      | 3373 ||| Stepping randomly (stuck).
  3374 | D:4      | 3374 ||| Stepping randomly (stuck).
  3375 | D:4      | 3375 ||| Stepping randomly (stuck).
  3376 | D:4      | 3376 ||| Stepping randomly (stuck).
  3377 | D:4      | 3377 ||| Stepping randomly (stuck).
  3378 | D:4      | 3378 ||| Stepping randomly (stuck).
  3379 | D:4      | 3379 ||| Stepping randomly (stuck).
  3380 | D:4      | 3380 ||| Stepping randomly (stuck).
  3381 | D:4      | 3381 ||| Stepping randomly (stuck).
  3382 | D:4      | 3382 ||| Stepping randomly (stuck).
  3383 | D:4      | 3383 ||| Stepping randomly (stuck).
  3384 | D:4      | 3384 ||| Stepping randomly (stuck).
  3385 | D:4      | 3385 ||| Stepping randomly (stuck).
  3386 | D:4      | 3386 ||| Stepping randomly (stuck).
  3387 | D:4      | 3387 ||| Stepping randomly (stuck).
  3388 | D:4      | 3388 ||| Stepping randomly (stuck).
  3389 | D:4      | 3389 ||| Stepping randomly (stuck).
  3390 | D:4      | 3390 ||| Stepping randomly (stuck).
  3391 | D:4      | 3391 ||| Stepping randomly (stuck).
  3394 | D:5      | 3394 ||| STAIRDANCE
  3396 | D:4      | 3396 ||| Stepping randomly (stuck).
  3397 | D:4      | 3397 ||| Stepping randomly (stuck).
  3398 | D:4      | 3398 ||| Stepping randomly (stuck).
  3399 | D:4      | 3399 ||| Stepping randomly (stuck).
  3400 | D:4      | 3400 ||| Stepping randomly (stuck).
  3401 | D:4      | 3401 ||| Stepping randomly (stuck).
  3402 | D:4      | 3402 ||| Stepping randomly (stuck).
  3403 | D:4      | 3403 ||| Stepping randomly (stuck).
  3404 | D:4      | 3404 ||| Stepping randomly (stuck).
  3405 | D:4      | 3405 ||| Stepping randomly (stuck).
  3406 | D:4      | 3406 ||| Stepping randomly (stuck).
  3407 | D:4      | 3407 ||| Stepping randomly (stuck).
  3408 | D:4      | 3408 ||| Stepping randomly (stuck).
  3409 | D:4      | 3409 ||| Stepping randomly (stuck).
  3410 | D:4      | 3410 ||| Stepping randomly (stuck).
  3411 | D:4      | 3411 ||| Stepping randomly (stuck).
  3412 | D:4      | 3412 ||| Stepping randomly (stuck).
  3413 | D:4      | 3413 ||| Stepping randomly (stuck).
  3414 | D:4      | 3414 ||| Stepping randomly (stuck).
  3415 | D:4      | 3415 ||| Stepping randomly (stuck).
  3416 | D:4      | 3416 ||| Stepping randomly (stuck).
  3417 | D:4      | 3417 ||| Stepping randomly (stuck).
  3418 | D:4      | 3418 ||| Stepping randomly (stuck).
  3419 | D:4      | 3419 ||| Stepping randomly (stuck).
  3420 | D:4      | 3420 ||| Stepping randomly (stuck).
  3421 | D:4      | 3421 ||| Stepping randomly (stuck).
  3422 | D:4      | 3422 ||| Stepping randomly (stuck).
  3423 | D:4      | 3423 ||| Stepping randomly (stuck).
  3424 | D:4      | 3424 ||| Stepping randomly (stuck).
  3425 | D:4      | 3425 ||| Stepping randomly (stuck).
  3426 | D:4      | 3426 ||| Stepping randomly (stuck).
  3427 | D:4      | 3427 ||| Stepping randomly (stuck).
  3428 | D:4      | 3428 ||| Stepping randomly (stuck).
  3429 | D:4      | 3429 ||| Stepping randomly (stuck).
  3430 | D:4      | 3430 ||| Stepping randomly (stuck).
  3431 | D:4      | 3431 ||| Stepping randomly (stuck).
  3432 | D:4      | 3432 ||| Stepping randomly (stuck).
  3433 | D:4      | 3433 ||| Stepping randomly (stuck).
  3434 | D:4      | 3434 ||| Stepping randomly (stuck).
  3435 | D:4      | 3435 ||| Stepping randomly (stuck).
  3436 | D:4      | 3436 ||| Stepping randomly (stuck).
  3437 | D:4      | 3437 ||| Stepping randomly (stuck).
  3438 | D:4      | 3438 ||| Stepping randomly (stuck).
  3439 | D:4      | 3439 ||| Stepping randomly (stuck).
  3440 | D:4      | 3440 ||| Stepping randomly (stuck).
  3441 | D:4      | 3441 ||| Stepping randomly (stuck).
  3442 | D:4      | 3442 ||| Stepping randomly (stuck).
  3443 | D:4      | 3443 ||| Stepping randomly (stuck).
  3444 | D:4      | 3444 ||| Stepping randomly (stuck).
  3445 | D:4      | 3445 ||| Stepping randomly (stuck).
  3446 | D:4      | 3446 ||| Stepping randomly (stuck).
  3447 | D:4      | 3447 ||| Stepping randomly (stuck).
  3448 | D:4      | 3448 ||| Stepping randomly (stuck).
  3449 | D:4      | 3449 ||| Stepping randomly (stuck).
  3450 | D:4      | 3450 ||| Stepping randomly (stuck).
  3451 | D:4      | 3451 ||| Stepping randomly (stuck).
  3452 | D:4      | 3452 ||| Stepping randomly (stuck).
  3453 | D:4      | 3453 ||| Stepping randomly (stuck).
  3454 | D:4      | 3454 ||| Stepping randomly (stuck).
  3455 | D:4      | 3455 ||| Stepping randomly (stuck).
  3456 | D:4      | 3456 ||| Stepping randomly (stuck).
  3457 | D:4      | 3457 ||| Stepping randomly (stuck).
  3458 | D:4      | 3458 ||| Stepping randomly (stuck).
  3459 | D:4      | 3459 ||| Stepping randomly (stuck).
  3460 | D:4      | 3460 ||| Stepping randomly (stuck).
  3461 | D:4      | 3461 ||| Stepping randomly (stuck).
  3462 | D:4      | 3462 ||| Stepping randomly (stuck).
  3463 | D:4      | 3463 ||| Stepping randomly (stuck).
  3464 | D:4      | 3464 ||| Stepping randomly (stuck).
  3465 | D:4      | 3465 ||| Stepping randomly (stuck).
  3466 | D:4      | 3466 ||| Stepping randomly (stuck).
  3467 | D:4      | 3467 ||| Stepping randomly (stuck).
  3468 | D:4      | 3468 ||| Stepping randomly (stuck).
  3469 | D:4      | 3469 ||| Stepping randomly (stuck).
  3470 | D:4      | 3470 ||| Stepping randomly (stuck).
  3471 | D:4      | 3471 ||| Stepping randomly (stuck).
  3472 | D:4      | 3472 ||| Stepping randomly (stuck).
  3473 | D:4      | 3473 ||| Stepping randomly (stuck).
  3474 | D:4      | 3474 ||| Stepping randomly (stuck).
  3475 | D:4      | 3475 ||| Stepping randomly (stuck).
  3476 | D:4      | 3476 ||| Stepping randomly (stuck).
  3477 | D:4      | 3477 ||| Stepping randomly (stuck).
  3478 | D:4      | 3478 ||| Stepping randomly (stuck).
  3479 | D:4      | 3479 ||| Stepping randomly (stuck).
  3480 | D:4      | 3480 ||| Stepping randomly (stuck).
  3481 | D:4      | 3481 ||| Stepping randomly (stuck).
  3482 | D:4      | 3482 ||| Stepping randomly (stuck).
  3483 | D:4      | 3483 ||| Stepping randomly (stuck).
  3484 | D:4      | 3484 ||| Stepping randomly (stuck).
  3485 | D:4      | 3485 ||| Stepping randomly (stuck).
  3486 | D:4      | 3486 ||| Stepping randomly (stuck).
  3487 | D:4      | 3487 ||| Stepping randomly (stuck).
  3488 | D:4      | 3488 ||| Stepping randomly (stuck).
  3489 | D:4      | 3489 ||| Stepping randomly (stuck).
  3490 | D:4      | 3490 ||| Stepping randomly (stuck).
  3491 | D:4      | 3491 ||| Stepping randomly (stuck).
  3492 | D:4      | 3492 ||| Stepping randomly (stuck).
  3493 | D:4      | 3493 ||| Stepping randomly (stuck).
  3494 | D:4      | 3494 ||| Stepping randomly (stuck).
  3495 | D:4      | 3495 ||| Stepping randomly (stuck).
  3496 | D:4      | 3496 ||| Stepping randomly (stuck).
  3497 | D:4      | 3497 ||| Stepping randomly (stuck).
  3498 | D:4      | 3498 ||| Stepping randomly (stuck).
  3499 | D:4      | 3499 ||| Stepping randomly (stuck).
  3500 | D:4      | 3500 ||| Stepping randomly (stuck).
  3501 | D:4      | 3501 ||| Stepping randomly (stuck).
  3502 | D:4      | 3502 ||| Stepping randomly (stuck).
  3503 | D:4      | 3503 ||| Stepping randomly (stuck).
  3504 | D:4      | 3504 ||| Stepping randomly (stuck).
  3505 | D:4      | 3505 ||| Stepping randomly (stuck).
  3506 | D:4      | 3506 ||| Stepping randomly (stuck).
  3507 | D:4      | 3507 ||| Stepping randomly (stuck).
  3508 | D:4      | 3508 ||| Stepping randomly (stuck).
  3509 | D:4      | 3509 ||| Stepping randomly (stuck).
  3510 | D:4      | 3510 ||| Stepping randomly (stuck).
  3511 | D:4      | 3511 ||| Stepping randomly (stuck).
  3512 | D:4      | 3512 ||| Stepping randomly (stuck).
  3513 | D:4      | 3513 ||| Stepping randomly (stuck).
  3514 | D:4      | 3514 ||| Stepping randomly (stuck).
  3515 | D:4      | 3515 ||| Stepping randomly (stuck).
  3516 | D:4      | 3516 ||| Stepping randomly (stuck).
  3517 | D:4      | 3517 ||| Stepping randomly (stuck).
  3518 | D:4      | 3518 ||| Stepping randomly (stuck).
  3519 | D:4      | 3519 ||| Stepping randomly (stuck).
  3520 | D:4      | 3520 ||| Stepping randomly (stuck).
  3521 | D:4      | 3521 ||| Stepping randomly (stuck).
  3522 | D:4      | 3522 ||| Stepping randomly (stuck).
  3523 | D:4      | 3523 ||| Stepping randomly (stuck).
  3524 | D:4      | 3524 ||| Stepping randomly (stuck).
  3525 | D:4      | 3525 ||| Stepping randomly (stuck).
  3526 | D:4      | 3526 ||| Stepping randomly (stuck).
  3527 | D:4      | 3527 ||| Stepping randomly (stuck).
  3528 | D:4      | 3528 ||| Stepping randomly (stuck).
  3529 | D:4      | 3529 ||| Stepping randomly (stuck).
  3530 | D:4      | 3530 ||| Stepping randomly (stuck).
  3531 | D:4      | 3531 ||| Stepping randomly (stuck).
  3532 | D:4      | 3532 ||| Stepping randomly (stuck).
  3533 | D:4      | 3533 ||| Stepping randomly (stuck).
  3534 | D:4      | 3534 ||| Stepping randomly (stuck).
  3535 | D:4      | 3535 ||| Stepping randomly (stuck).
  3536 | D:4      | 3536 ||| Stepping randomly (stuck).
  3537 | D:4      | 3537 ||| Stepping randomly (stuck).
  3538 | D:4      | 3538 ||| Stepping randomly (stuck).
  3539 | D:4      | 3539 ||| Stepping randomly (stuck).
  3540 | D:4      | 3540 ||| Stepping randomly (stuck).
  3541 | D:4      | 3541 ||| Stepping randomly (stuck).
  3542 | D:4      | 3542 ||| Stepping randomly (stuck).
  3543 | D:4      | 3543 ||| Stepping randomly (stuck).
  3544 | D:4      | 3544 ||| Stepping randomly (stuck).
  3545 | D:4      | 3545 ||| Stepping randomly (stuck).
  3546 | D:4      | 3546 ||| Stepping randomly (stuck).
  3547 | D:4      | 3547 ||| Stepping randomly (stuck).
  3548 | D:4      | 3548 ||| Stepping randomly (stuck).
  3549 | D:4      | 3549 ||| Stepping randomly (stuck).
  3550 | D:4      | 3550 ||| Stepping randomly (stuck).
  3551 | D:4      | 3551 ||| Stepping randomly (stuck).
  3552 | D:4      | 3552 ||| Stepping randomly (stuck).
  3553 | D:4      | 3553 ||| Stepping randomly (stuck).
  3554 | D:4      | 3554 ||| Stepping randomly (stuck).
  3555 | D:4      | 3555 ||| Stepping randomly (stuck).
  3556 | D:4      | 3556 ||| Stepping randomly (stuck).
  3557 | D:4      | 3557 ||| Stepping randomly (stuck).
  3558 | D:4      | 3558 ||| Stepping randomly (stuck).
  3559 | D:4      | 3559 ||| Stepping randomly (stuck).
  3560 | D:4      | 3560 ||| Stepping randomly (stuck).
  3561 | D:4      | 3561 ||| Stepping randomly (stuck).
  3562 | D:4      | 3562 ||| Stepping randomly (stuck).
  3563 | D:4      | 3563 ||| Stepping randomly (stuck).
  3564 | D:4      | 3564 ||| Stepping randomly (stuck).
  3565 | D:4      | 3565 ||| Stepping randomly (stuck).
  3566 | D:4      | 3566 ||| Stepping randomly (stuck).
  3567 | D:4      | 3567 ||| Stepping randomly (stuck).
  3568 | D:4      | 3568 ||| Stepping randomly (stuck).
  3569 | D:4      | 3569 ||| Stepping randomly (stuck).
  3570 | D:4      | 3570 ||| Stepping randomly (stuck).
  3571 | D:4      | 3571 ||| Stepping randomly (stuck).
  3572 | D:4      | 3572 ||| Stepping randomly (stuck).
  3573 | D:4      | 3573 ||| Stepping randomly (stuck).
  3574 | D:4      | 3574 ||| Stepping randomly (stuck).
  3575 | D:4      | 3575 ||| Stepping randomly (stuck).
  3576 | D:4      | 3576 ||| Stepping randomly (stuck).
  3577 | D:4      | 3577 ||| Stepping randomly (stuck).
  3578 | D:4      | 3578 ||| Stepping randomly (stuck).
  3579 | D:4      | 3579 ||| Stepping randomly (stuck).
  3580 | D:4      | 3580 ||| Stepping randomly (stuck).
  3581 | D:4      | 3581 ||| Stepping randomly (stuck).
  3582 | D:4      | 3582 ||| Stepping randomly (stuck).
  3583 | D:4      | 3583 ||| Stepping randomly (stuck).
  3584 | D:4      | 3584 ||| Stepping randomly (stuck).
  3585 | D:4      | 3585 ||| Stepping randomly (stuck).
  3586 | D:4      | 3586 ||| Stepping randomly (stuck).
  3587 | D:4      | 3587 ||| Stepping randomly (stuck).
  3588 | D:4      | 3588 ||| Stepping randomly (stuck).
  3589 | D:4      | 3589 ||| Stepping randomly (stuck).
  3590 | D:4      | 3590 ||| Stepping randomly (stuck).
  3591 | D:4      | 3591 ||| Stepping randomly (stuck).
  3592 | D:4      | 3592 ||| Stepping randomly (stuck).
  3593 | D:4      | 3593 ||| Stepping randomly (stuck).
  3594 | D:4      | 3594 ||| Stepping randomly (stuck).
  3595 | D:4      | 3595 ||| Stepping randomly (stuck).
  3596 | D:4      | 3596 ||| Stepping randomly (stuck).
  3597 | D:4      | 3597 ||| Stepping randomly (stuck).
  3598 | D:4      | 3598 ||| Stepping randomly (stuck).
  3599 | D:4      | 3599 ||| Stepping randomly (stuck).
  3600 | D:4      | 3600 ||| Stepping randomly (stuck).
  3601 | D:4      | 3601 ||| Stepping randomly (stuck).
  3602 | D:4      | 3602 ||| Stepping randomly (stuck).
  3603 | D:4      | 3603 ||| Stepping randomly (stuck).
  3604 | D:4      | 3604 ||| Stepping randomly (stuck).
  3605 | D:4      | 3605 ||| Stepping randomly (stuck).
  3606 | D:4      | 3606 ||| Stepping randomly (stuck).
  3607 | D:4      | 3607 ||| Stepping randomly (stuck).
  3608 | D:4      | 3608 ||| Stepping randomly (stuck).
  3609 | D:4      | 3609 ||| Stepping randomly (stuck).
  3610 | D:4      | 3610 ||| Stepping randomly (stuck).
  3611 | D:4      | 3611 ||| Stepping randomly (stuck).
  3612 | D:4      | 3612 ||| Stepping randomly (stuck).
  3613 | D:4      | 3613 ||| Stepping randomly (stuck).
  3614 | D:4      | 3614 ||| Stepping randomly (stuck).
  3615 | D:4      | 3615 ||| Stepping randomly (stuck).
  3616 | D:4      | 3616 ||| Stepping randomly (stuck).
  3617 | D:4      | 3617 ||| Stepping randomly (stuck).
  3618 | D:4      | 3618 ||| Stepping randomly (stuck).
  3619 | D:4      | 3619 ||| Stepping randomly (stuck).
  3620 | D:4      | 3620 ||| Stepping randomly (stuck).
  3621 | D:4      | 3621 ||| Stepping randomly (stuck).
  3622 | D:4      | 3622 ||| Stepping randomly (stuck).
  3623 | D:4      | 3623 ||| Stepping randomly (stuck).
  3624 | D:4      | 3624 ||| Stepping randomly (stuck).
  3625 | D:4      | 3625 ||| Stepping randomly (stuck).
  3626 | D:4      | 3626 ||| Stepping randomly (stuck).
  3627 | D:4      | 3627 ||| Stepping randomly (stuck).
  3628 | D:4      | 3628 ||| Stepping randomly (stuck).
  3629 | D:4      | 3629 ||| Stepping randomly (stuck).
  3630 | D:4      | 3630 ||| Stepping randomly (stuck).
  3631 | D:4      | 3631 ||| Stepping randomly (stuck).
  3632 | D:4      | 3632 ||| Stepping randomly (stuck).
  3633 | D:4      | 3633 ||| Stepping randomly (stuck).
  3634 | D:4      | 3634 ||| Stepping randomly (stuck).
  3635 | D:4      | 3635 ||| Stepping randomly (stuck).
  3636 | D:4      | 3636 ||| Stepping randomly (stuck).
  3637 | D:4      | 3637 ||| Stepping randomly (stuck).
  3638 | D:4      | 3638 ||| Stepping randomly (stuck).
  3639 | D:4      | 3639 ||| Stepping randomly (stuck).
  3640 | D:4      | 3640 ||| Stepping randomly (stuck).
  3641 | D:4      | 3641 ||| Stepping randomly (stuck).
  3642 | D:4      | 3642 ||| Stepping randomly (stuck).
  3643 | D:4      | 3643 ||| Stepping randomly (stuck).
  3644 | D:4      | 3644 ||| Stepping randomly (stuck).
  3645 | D:4      | 3645 ||| Stepping randomly (stuck).
  3646 | D:4      | 3646 ||| Stepping randomly (stuck).
  3647 | D:4      | 3647 ||| Stepping randomly (stuck).
  3648 | D:4      | 3648 ||| Stepping randomly (stuck).
  3649 | D:4      | 3649 ||| Stepping randomly (stuck).
  3650 | D:4      | 3650 ||| Stepping randomly (stuck).
  3651 | D:4      | 3651 ||| Stepping randomly (stuck).
  3652 | D:4      | 3652 ||| Stepping randomly (stuck).
  3653 | D:4      | 3653 ||| Stepping randomly (stuck).
  3654 | D:4      | 3654 ||| Stepping randomly (stuck).
  3655 | D:4      | 3655 ||| Stepping randomly (stuck).
  3656 | D:4      | 3656 ||| Stepping randomly (stuck).
  3657 | D:4      | 3657 ||| Stepping randomly (stuck).
  3658 | D:4      | 3658 ||| Stepping randomly (stuck).
  3659 | D:4      | 3659 ||| Stepping randomly (stuck).
  3660 | D:4      | 3660 ||| Stepping randomly (stuck).
  3661 | D:4      | 3661 ||| Stepping randomly (stuck).
  3662 | D:4      | 3662 ||| Stepping randomly (stuck).
  3663 | D:4      | 3663 ||| Stepping randomly (stuck).
  3664 | D:4      | 3664 ||| Stepping randomly (stuck).
  3665 | D:4      | 3665 ||| Stepping randomly (stuck).
  3666 | D:4      | 3666 ||| Stepping randomly (stuck).
  3667 | D:4      | 3667 ||| Stepping randomly (stuck).
  3668 | D:4      | 3668 ||| Stepping randomly (stuck).
  3669 | D:4      | 3669 ||| Stepping randomly (stuck).
  3670 | D:4      | 3670 ||| Stepping randomly (stuck).
  3671 | D:4      | 3671 ||| Stepping randomly (stuck).
  3672 | D:4      | 3672 ||| Stepping randomly (stuck).
  3673 | D:4      | 3673 ||| Stepping randomly (stuck).
  3674 | D:4      | 3674 ||| Stepping randomly (stuck).
  3675 | D:4      | 3675 ||| Stepping randomly (stuck).
  3676 | D:4      | 3676 ||| Stepping randomly (stuck).
  3677 | D:4      | 3677 ||| Stepping randomly (stuck).
  3678 | D:4      | 3678 ||| Stepping randomly (stuck).
  3679 | D:4      | 3679 ||| Stepping randomly (stuck).
  3680 | D:4      | 3680 ||| Stepping randomly (stuck).
  3681 | D:4      | 3681 ||| Stepping randomly (stuck).
  3682 | D:4      | 3682 ||| Stepping randomly (stuck).
  3683 | D:4      | 3683 ||| Stepping randomly (stuck).
  3684 | D:4      | 3684 ||| Stepping randomly (stuck).
  3685 | D:4      | 3685 ||| Stepping randomly (stuck).
  3686 | D:4      | 3686 ||| Stepping randomly (stuck).
  3687 | D:4      | 3687 ||| Stepping randomly (stuck).
  3688 | D:4      | 3688 ||| Stepping randomly (stuck).
  3689 | D:4      | 3689 ||| Stepping randomly (stuck).
  3690 | D:4      | 3690 ||| Stepping randomly (stuck).
  3691 | D:4      | 3691 ||| Stepping randomly (stuck).
  3692 | D:4      | 3692 ||| Stepping randomly (stuck).
  3693 | D:4      | 3693 ||| Stepping randomly (stuck).
  3694 | D:4      | 3694 ||| Stepping randomly (stuck).
  3695 | D:4      | 3695 ||| Stepping randomly (stuck).
  3696 | D:4      | 3696 ||| Stepping randomly (stuck).
  3697 | D:4      | 3697 ||| Stepping randomly (stuck).
  3698 | D:4      | 3698 ||| Stepping randomly (stuck).
  3699 | D:4      | 3699 ||| Stepping randomly (stuck).
  3700 | D:4      | 3700 ||| Stepping randomly (stuck).
  3701 | D:4      | 3701 ||| Stepping randomly (stuck).
  3702 | D:4      | 3702 ||| Stepping randomly (stuck).
  3703 | D:4      | 3703 ||| Stepping randomly (stuck).
  3704 | D:4      | 3704 ||| Stepping randomly (stuck).
  3705 | D:4      | 3705 ||| Stepping randomly (stuck).
  3706 | D:4      | 3706 ||| Stepping randomly (stuck).
  3707 | D:4      | 3707 ||| Stepping randomly (stuck).
  3708 | D:4      | 3708 ||| Stepping randomly (stuck).
  3709 | D:4      | 3709 ||| Stepping randomly (stuck).
  3710 | D:4      | 3710 ||| Stepping randomly (stuck).
  3711 | D:4      | 3711 ||| Stepping randomly (stuck).
  3712 | D:4      | 3712 ||| Stepping randomly (stuck).
  3713 | D:4      | 3713 ||| Stepping randomly (stuck).
  3714 | D:4      | 3714 ||| Stepping randomly (stuck).
  3715 | D:4      | 3715 ||| Stepping randomly (stuck).
  3716 | D:4      | 3716 ||| Stepping randomly (stuck).
  3717 | D:4      | 3717 ||| Stepping randomly (stuck).
  3718 | D:4      | 3718 ||| Stepping randomly (stuck).
  3719 | D:4      | 3719 ||| Stepping randomly (stuck).
  3720 | D:4      | 3720 ||| Stepping randomly (stuck).
  3721 | D:4      | 3721 ||| Stepping randomly (stuck).
  3722 | D:4      | 3722 ||| Stepping randomly (stuck).
  3723 | D:4      | 3723 ||| Stepping randomly (stuck).
  3724 | D:4      | 3724 ||| Stepping randomly (stuck).
  3725 | D:4      | 3725 ||| Stepping randomly (stuck).
  3726 | D:4      | 3726 ||| Stepping randomly (stuck).
  3727 | D:4      | 3727 ||| Stepping randomly (stuck).
  3728 | D:4      | 3728 ||| Stepping randomly (stuck).
  3729 | D:4      | 3729 ||| Stepping randomly (stuck).
  3730 | D:4      | 3730 ||| Stepping randomly (stuck).
  3731 | D:4      | 3731 ||| Stepping randomly (stuck).
  3732 | D:4      | 3732 ||| Stepping randomly (stuck).
  3733 | D:4      | 3733 ||| Stepping randomly (stuck).
  3734 | D:4      | 3734 ||| Stepping randomly (stuck).
  3735 | D:4      | 3735 ||| Stepping randomly (stuck).
  3736 | D:4      | 3736 ||| Stepping randomly (stuck).
  3737 | D:4      | 3737 ||| Stepping randomly (stuck).
  3738 | D:4      | 3738 ||| Stepping randomly (stuck).
  3739 | D:4      | 3739 ||| Stepping randomly (stuck).
  3740 | D:4      | 3740 ||| Stepping randomly (stuck).
  3741 | D:4      | 3741 ||| Stepping randomly (stuck).
  3742 | D:4      | 3742 ||| Stepping randomly (stuck).
  3743 | D:4      | 3743 ||| Stepping randomly (stuck).
  3744 | D:4      | 3744 ||| Stepping randomly (stuck).
  3745 | D:4      | 3745 ||| Stepping randomly (stuck).
  3746 | D:4      | 3746 ||| Stepping randomly (stuck).
  3747 | D:4      | 3747 ||| Stepping randomly (stuck).
  3748 | D:4      | 3748 ||| Stepping randomly (stuck).
  3749 | D:4      | 3749 ||| Stepping randomly (stuck).
  3750 | D:4      | 3750 ||| Stepping randomly (stuck).
  3751 | D:4      | 3751 ||| Stepping randomly (stuck).
  3752 | D:4      | 3752 ||| Stepping randomly (stuck).
  3753 | D:4      | 3753 ||| Stepping randomly (stuck).
  3754 | D:4      | 3754 ||| Stepping randomly (stuck).
  3755 | D:4      | 3755 ||| Stepping randomly (stuck).
  3756 | D:4      | 3756 ||| Stepping randomly (stuck).
  3757 | D:4      | 3757 ||| Stepping randomly (stuck).
  3758 | D:4      | 3758 ||| Stepping randomly (stuck).
  3759 | D:4      | 3759 ||| Stepping randomly (stuck).
  3760 | D:4      | 3760 ||| Stepping randomly (stuck).
  3761 | D:4      | 3761 ||| Stepping randomly (stuck).
  3762 | D:4      | 3762 ||| Stepping randomly (stuck).
  3763 | D:4      | 3763 ||| Stepping randomly (stuck).
  3764 | D:4      | 3764 ||| Stepping randomly (stuck).
  3765 | D:4      | 3765 ||| Stepping randomly (stuck).
  3766 | D:4      | 3766 ||| Stepping randomly (stuck).
  3767 | D:4      | 3767 ||| Stepping randomly (stuck).
  3768 | D:4      | 3768 ||| Stepping randomly (stuck).
  3769 | D:4      | 3769 ||| Stepping randomly (stuck).
  3770 | D:4      | 3770 ||| Stepping randomly (stuck).
  3771 | D:4      | 3771 ||| Stepping randomly (stuck).
  3772 | D:4      | 3772 ||| Stepping randomly (stuck).
  3773 | D:4      | 3773 ||| Stepping randomly (stuck).
  3774 | D:4      | 3774 ||| Stepping randomly (stuck).
  3775 | D:4      | 3775 ||| Stepping randomly (stuck).
  3776 | D:4      | 3776 ||| Stepping randomly (stuck).
  3777 | D:4      | 3777 ||| Stepping randomly (stuck).
  3778 | D:4      | 3778 ||| Stepping randomly (stuck).
  3779 | D:4      | 3779 ||| Stepping randomly (stuck).
  3780 | D:4      | 3780 ||| Stepping randomly (stuck).
  3781 | D:4      | 3781 ||| Stepping randomly (stuck).
  3782 | D:4      | 3782 ||| Stepping randomly (stuck).
  3783 | D:4      | 3783 ||| Stepping randomly (stuck).
  3784 | D:4      | 3784 ||| Stepping randomly (stuck).
  3785 | D:4      | 3785 ||| Stepping randomly (stuck).
  3786 | D:4      | 3786 ||| Stepping randomly (stuck).
  3787 | D:4      | 3787 ||| Stepping randomly (stuck).
  3788 | D:4      | 3788 ||| Stepping randomly (stuck).
  3789 | D:4      | 3789 ||| Stepping randomly (stuck).
  3790 | D:4      | 3790 ||| Stepping randomly (stuck).
  3791 | D:4      | 3791 ||| Stepping randomly (stuck).
  3792 | D:4      | 3792 ||| Stepping randomly (stuck).
  3793 | D:4      | 3793 ||| Stepping randomly (stuck).
  3794 | D:4      | 3794 ||| Stepping randomly (stuck).
  3795 | D:4      | 3795 ||| Stepping randomly (stuck).
  3796 | D:4      | 3796 ||| Stepping randomly (stuck).
  3797 | D:4      | 3797 ||| Stepping randomly (stuck).
  3798 | D:4      | 3798 ||| Stepping randomly (stuck).
  3799 | D:4      | 3799 ||| Stepping randomly (stuck).
  3800 | D:4      | 3800 ||| Stepping randomly (stuck).
  3801 | D:4      | 3801 ||| Stepping randomly (stuck).
  3802 | D:4      | 3802 ||| Stepping randomly (stuck).
  3803 | D:4      | 3803 ||| Stepping randomly (stuck).
  3804 | D:4      | 3804 ||| Stepping randomly (stuck).
  3805 | D:4      | 3805 ||| Stepping randomly (stuck).
  3806 | D:4      | 3806 ||| Stepping randomly (stuck).
  3807 | D:4      | 3807 ||| Stepping randomly (stuck).
  3808 | D:4      | 3808 ||| Stepping randomly (stuck).
  3809 | D:4      | 3809 ||| Stepping randomly (stuck).
  3810 | D:4      | 3810 ||| Stepping randomly (stuck).
  3811 | D:4      | 3811 ||| Stepping randomly (stuck).
  3812 | D:4      | 3812 ||| Stepping randomly (stuck).
  3813 | D:4      | 3813 ||| Stepping randomly (stuck).
  3814 | D:4      | 3814 ||| Stepping randomly (stuck).
  3815 | D:4      | 3815 ||| Stepping randomly (stuck).
  3816 | D:4      | 3816 ||| Stepping randomly (stuck).
  3817 | D:4      | 3817 ||| Stepping randomly (stuck).
  3818 | D:4      | 3818 ||| Stepping randomly (stuck).
  3819 | D:4      | 3819 ||| Stepping randomly (stuck).
  3820 | D:4      | 3820 ||| Stepping randomly (stuck).
  3821 | D:4      | 3821 ||| Stepping randomly (stuck).
  3822 | D:4      | 3822 ||| Stepping randomly (stuck).
  3823 | D:4      | 3823 ||| Stepping randomly (stuck).
  3824 | D:4      | 3824 ||| Stepping randomly (stuck).
  3825 | D:4      | 3825 ||| Stepping randomly (stuck).
  3826 | D:4      | 3826 ||| Stepping randomly (stuck).
  3827 | D:4      | 3827 ||| Stepping randomly (stuck).
  3828 | D:4      | 3828 ||| Stepping randomly (stuck).
  3829 | D:4      | 3829 ||| Stepping randomly (stuck).
  3830 | D:4      | 3830 ||| Stepping randomly (stuck).
  3831 | D:4      | 3831 ||| Stepping randomly (stuck).
  3832 | D:4      | 3832 ||| Stepping randomly (stuck).
  3833 | D:4      | 3833 ||| Stepping randomly (stuck).
  3834 | D:4      | 3834 ||| Stepping randomly (stuck).
  3835 | D:4      | 3835 ||| Stepping randomly (stuck).
  3836 | D:4      | 3836 ||| Stepping randomly (stuck).
  3837 | D:4      | 3837 ||| Stepping randomly (stuck).
  3838 | D:4      | 3838 ||| Stepping randomly (stuck).
  3839 | D:4      | 3839 ||| Stepping randomly (stuck).
  3840 | D:4      | 3840 ||| Stepping randomly (stuck).
  3841 | D:4      | 3841 ||| Stepping randomly (stuck).
  3842 | D:4      | 3842 ||| Stepping randomly (stuck).
  3843 | D:4      | 3843 ||| Stepping randomly (stuck).
  3844 | D:4      | 3844 ||| Stepping randomly (stuck).
  3845 | D:4      | 3845 ||| Stepping randomly (stuck).
  3846 | D:4      | 3846 ||| Stepping randomly (stuck).
  3847 | D:4      | 3847 ||| Stepping randomly (stuck).
  3848 | D:4      | 3848 ||| Stepping randomly (stuck).
  3849 | D:4      | 3849 ||| Stepping randomly (stuck).
  3850 | D:4      | 3850 ||| Stepping randomly (stuck).
  3851 | D:4      | 3851 ||| Stepping randomly (stuck).
  3852 | D:4      | 3852 ||| Stepping randomly (stuck).
  3853 | D:4      | 3853 ||| Stepping randomly (stuck).
  3854 | D:4      | 3854 ||| Stepping randomly (stuck).
  3855 | D:4      | 3855 ||| Stepping randomly (stuck).
  3856 | D:4      | 3856 ||| Stepping randomly (stuck).
  3857 | D:4      | 3857 ||| Stepping randomly (stuck).
  3858 | D:4      | 3858 ||| Stepping randomly (stuck).
  3859 | D:4      | 3859 ||| Stepping randomly (stuck).
  3860 | D:4      | 3860 ||| Stepping randomly (stuck).
  3861 | D:4      | 3861 ||| Stepping randomly (stuck).
  3862 | D:4      | 3862 ||| Stepping randomly (stuck).
  3863 | D:4      | 3863 ||| Stepping randomly (stuck).
  3864 | D:4      | 3864 ||| Stepping randomly (stuck).
  3865 | D:4      | 3865 ||| Stepping randomly (stuck).
  3866 | D:4      | 3866 ||| Stepping randomly (stuck).
  3867 | D:4      | 3867 ||| Stepping randomly (stuck).
  3868 | D:4      | 3868 ||| Stepping randomly (stuck).
  3869 | D:4      | 3869 ||| Stepping randomly (stuck).
  3870 | D:4      | 3870 ||| Stepping randomly (stuck).
  3871 | D:4      | 3871 ||| Stepping randomly (stuck).
  3872 | D:4      | 3872 ||| Stepping randomly (stuck).
  3873 | D:4      | 3873 ||| Stepping randomly (stuck).
  3874 | D:4      | 3874 ||| Stepping randomly (stuck).
  3875 | D:4      | 3875 ||| Stepping randomly (stuck).
  3876 | D:4      | 3876 ||| Stepping randomly (stuck).
  3877 | D:4      | 3877 ||| Stepping randomly (stuck).
  3878 | D:4      | 3878 ||| Stepping randomly (stuck).
  3879 | D:4      | 3879 ||| Stepping randomly (stuck).
  3880 | D:4      | 3880 ||| Stepping randomly (stuck).
  3881 | D:4      | 3881 ||| Stepping randomly (stuck).
  3882 | D:4      | 3882 ||| Stepping randomly (stuck).
  3883 | D:4      | 3883 ||| Stepping randomly (stuck).
  3884 | D:4      | 3884 ||| Stepping randomly (stuck).
  3885 | D:4      | 3885 ||| Stepping randomly (stuck).
  3886 | D:4      | 3886 ||| Stepping randomly (stuck).
  3887 | D:4      | 3887 ||| Stepping randomly (stuck).
  3888 | D:4      | 3888 ||| Stepping randomly (stuck).
  3889 | D:4      | 3889 ||| Stepping randomly (stuck).
  3890 | D:4      | 3890 ||| Stepping randomly (stuck).
  3891 | D:4      | 3891 ||| Stepping randomly (stuck).
  3892 | D:4      | 3892 ||| Stepping randomly (stuck).
  3893 | D:4      | 3893 ||| Stepping randomly (stuck).
  3894 | D:4      | 3894 ||| Stepping randomly (stuck).
  3895 | D:4      | 3895 ||| Stepping randomly (stuck).
  3896 | D:4      | 3896 ||| Stepping randomly (stuck).
  3897 | D:4      | 3897 ||| Stepping randomly (stuck).
  3898 | D:4      | 3898 ||| Stepping randomly (stuck).
  3899 | D:4      | 3899 ||| Stepping randomly (stuck).
  3900 | D:4      | 3900 ||| Stepping randomly (stuck).
  3901 | D:4      | 3901 ||| Stepping randomly (stuck).
  3902 | D:4      | 3902 ||| Stepping randomly (stuck).
  3903 | D:4      | 3903 ||| Stepping randomly (stuck).
  3904 | D:4      | 3904 ||| Stepping randomly (stuck).
  3905 | D:4      | 3905 ||| Stepping randomly (stuck).
  3906 | D:4      | 3906 ||| Stepping randomly (stuck).
  3907 | D:4      | 3907 ||| Stepping randomly (stuck).
  3908 | D:4      | 3908 ||| Stepping randomly (stuck).
  3909 | D:4      | 3909 ||| Stepping randomly (stuck).
  3910 | D:4      | 3910 ||| Stepping randomly (stuck).
  3911 | D:4      | 3911 ||| Stepping randomly (stuck).
  3912 | D:4      | 3912 ||| Stepping randomly (stuck).
  3913 | D:4      | 3913 ||| Stepping randomly (stuck).
  3914 | D:4      | 3914 ||| Stepping randomly (stuck).
  3915 | D:4      | 3915 ||| Stepping randomly (stuck).
  3916 | D:4      | 3916 ||| Stepping randomly (stuck).
  3917 | D:4      | 3917 ||| Stepping randomly (stuck).
  3918 | D:4      | 3918 ||| Stepping randomly (stuck).
  3919 | D:4      | 3919 ||| Stepping randomly (stuck).
  3920 | D:4      | 3920 ||| Stepping randomly (stuck).
  3921 | D:4      | 3921 ||| Stepping randomly (stuck).
  3922 | D:4      | 3922 ||| Stepping randomly (stuck).
  3923 | D:4      | 3923 ||| Stepping randomly (stuck).
  3924 | D:4      | 3924 ||| Stepping randomly (stuck).
  3925 | D:4      | 3925 ||| Stepping randomly (stuck).
  3926 | D:4      | 3926 ||| Stepping randomly (stuck).
  3927 | D:4      | 3927 ||| Stepping randomly (stuck).
  3928 | D:4      | 3928 ||| Stepping randomly (stuck).
  3929 | D:4      | 3929 ||| Stepping randomly (stuck).
  3930 | D:4      | 3930 ||| Stepping randomly (stuck).
  3931 | D:4      | 3931 ||| Stepping randomly (stuck).
  3932 | D:4      | 3932 ||| Stepping randomly (stuck).
  3933 | D:4      | 3933 ||| Stepping randomly (stuck).
  3934 | D:4      | 3934 ||| Stepping randomly (stuck).
  3935 | D:4      | 3935 ||| Stepping randomly (stuck).
  3936 | D:4      | 3936 ||| Stepping randomly (stuck).
  3937 | D:4      | 3937 ||| Stepping randomly (stuck).
  3938 | D:4      | 3938 ||| Stepping randomly (stuck).
  3939 | D:4      | 3939 ||| Stepping randomly (stuck).
  3940 | D:4      | 3940 ||| Stepping randomly (stuck).
  3941 | D:4      | 3941 ||| Stepping randomly (stuck).
  3942 | D:4      | 3942 ||| Stepping randomly (stuck).
  3943 | D:4      | 3943 ||| Stepping randomly (stuck).
  3944 | D:4      | 3944 ||| Stepping randomly (stuck).
  3945 | D:4      | 3945 ||| Stepping randomly (stuck).
  3946 | D:4      | 3946 ||| Stepping randomly (stuck).
  3947 | D:4      | 3947 ||| Stepping randomly (stuck).
  3948 | D:4      | 3948 ||| Stepping randomly (stuck).
  3949 | D:4      | 3949 ||| Stepping randomly (stuck).
  3950 | D:4      | 3950 ||| Stepping randomly (stuck).
  3951 | D:4      | 3951 ||| Stepping randomly (stuck).
  3952 | D:4      | 3952 ||| Stepping randomly (stuck).
  3953 | D:4      | 3953 ||| Stepping randomly (stuck).
  3954 | D:4      | 3954 ||| Stepping randomly (stuck).
  3955 | D:4      | 3955 ||| Stepping randomly (stuck).
  3956 | D:4      | 3956 ||| Stepping randomly (stuck).
  3957 | D:4      | 3957 ||| Stepping randomly (stuck).
  3958 | D:4      | 3958 ||| Stepping randomly (stuck).
  3959 | D:4      | 3959 ||| Stepping randomly (stuck).
  3960 | D:4      | 3960 ||| Stepping randomly (stuck).
  3961 | D:4      | 3961 ||| Stepping randomly (stuck).
  3962 | D:4      | 3962 ||| Stepping randomly (stuck).
  3963 | D:4      | 3963 ||| Stepping randomly (stuck).
  3964 | D:4      | 3964 ||| Stepping randomly (stuck).
  3965 | D:4      | 3965 ||| Stepping randomly (stuck).
  3966 | D:4      | 3966 ||| Stepping randomly (stuck).
  3967 | D:4      | 3967 ||| Stepping randomly (stuck).
  3968 | D:4      | 3968 ||| Stepping randomly (stuck).
  3969 | D:4      | 3969 ||| Stepping randomly (stuck).
  3970 | D:4      | 3970 ||| Stepping randomly (stuck).
  3971 | D:4      | 3971 ||| Stepping randomly (stuck).
  3972 | D:4      | 3972 ||| Stepping randomly (stuck).
  3973 | D:4      | 3973 ||| Stepping randomly (stuck).
  3974 | D:4      | 3974 ||| Stepping randomly (stuck).
  3975 | D:4      | 3975 ||| Stepping randomly (stuck).
  3976 | D:4      | 3976 ||| Stepping randomly (stuck).
  3977 | D:4      | 3977 ||| Stepping randomly (stuck).
  3978 | D:4      | 3978 ||| Stepping randomly (stuck).
  3979 | D:4      | 3979 ||| Stepping randomly (stuck).
  3980 | D:4      | 3980 ||| Stepping randomly (stuck).
  3981 | D:4      | 3981 ||| Stepping randomly (stuck).
  3982 | D:4      | 3982 ||| Stepping randomly (stuck).
  3983 | D:4      | 3983 ||| Stepping randomly (stuck).
  3984 | D:4      | 3984 ||| Stepping randomly (stuck).
  3985 | D:4      | 3985 ||| Stepping randomly (stuck).
  3986 | D:4      | 3986 ||| Stepping randomly (stuck).
  3987 | D:4      | 3987 ||| Stepping randomly (stuck).
  3988 | D:4      | 3988 ||| Stepping randomly (stuck).
  3989 | D:4      | 3989 ||| Stepping randomly (stuck).
  3990 | D:4      | 3990 ||| Stepping randomly (stuck).
  3991 | D:4      | 3991 ||| Stepping randomly (stuck).
  3992 | D:4      | 3992 ||| Stepping randomly (stuck).
  3993 | D:4      | 3993 ||| Stepping randomly (stuck).
  3994 | D:4      | 3994 ||| Stepping randomly (stuck).
  3995 | D:4      | 3995 ||| Stepping randomly (stuck).
  3996 | D:4      | 3996 ||| Stepping randomly (stuck).
  3997 | D:4      | 3997 ||| Stepping randomly (stuck).
  3998 | D:4      | 3998 ||| Stepping randomly (stuck).
  3999 | D:4      | 3999 ||| Stepping randomly (stuck).
  4000 | D:4      | 4000 ||| Stepping randomly (stuck).
  4001 | D:4      | 4001 ||| Stepping randomly (stuck).
  4002 | D:4      | 4002 ||| Stepping randomly (stuck).
  4003 | D:4      | 4003 ||| Stepping randomly (stuck).
  4004 | D:4      | 4004 ||| Stepping randomly (stuck).
  4005 | D:4      | 4005 ||| Stepping randomly (stuck).
  4006 | D:4      | 4006 ||| Stepping randomly (stuck).
  4007 | D:4      | 4007 ||| Stepping randomly (stuck).
  4008 | D:4      | 4008 ||| Stepping randomly (stuck).
  4009 | D:4      | 4009 ||| Stepping randomly (stuck).
  4010 | D:4      | 4010 ||| Stepping randomly (stuck).
  4011 | D:4      | 4011 ||| Stepping randomly (stuck).
  4012 | D:4      | 4012 ||| Stepping randomly (stuck).
  4013 | D:4      | 4013 ||| Stepping randomly (stuck).
  4014 | D:4      | 4014 ||| Stepping randomly (stuck).
  4015 | D:4      | 4015 ||| Stepping randomly (stuck).
  4016 | D:4      | 4016 ||| Stepping randomly (stuck).
  4017 | D:4      | 4017 ||| Stepping randomly (stuck).
  4018 | D:4      | 4018 ||| Stepping randomly (stuck).
  4019 | D:4      | 4019 ||| Stepping randomly (stuck).
  4020 | D:4      | 4020 ||| Stepping randomly (stuck).
  4021 | D:4      | 4021 ||| Stepping randomly (stuck).
  4022 | D:4      | 4022 ||| Stepping randomly (stuck).
  4023 | D:4      | 4023 ||| Stepping randomly (stuck).
  4024 | D:4      | 4024 ||| Stepping randomly (stuck).
  4025 | D:4      | 4025 ||| Stepping randomly (stuck).
  4026 | D:4      | 4026 ||| Stepping randomly (stuck).
  4027 | D:4      | 4027 ||| Stepping randomly (stuck).
  4028 | D:4      | 4028 ||| Stepping randomly (stuck).
  4029 | D:4      | 4029 ||| Stepping randomly (stuck).
  4030 | D:4      | 4030 ||| Stepping randomly (stuck).
  4031 | D:4      | 4031 ||| Stepping randomly (stuck).
  4032 | D:4      | 4032 ||| Stepping randomly (stuck).
  4033 | D:4      | 4033 ||| Stepping randomly (stuck).
  4034 | D:4      | 4034 ||| Stepping randomly (stuck).
  4035 | D:4      | 4035 ||| Stepping randomly (stuck).
  4036 | D:4      | 4036 ||| Stepping randomly (stuck).
  4037 | D:4      | 4037 ||| Stepping randomly (stuck).
  4038 | D:4      | 4038 ||| Stepping randomly (stuck).
  4039 | D:4      | 4039 ||| Stepping randomly (stuck).
  4040 | D:4      | 4040 ||| Stepping randomly (stuck).
  4041 | D:4      | 4041 ||| Stepping randomly (stuck).
  4042 | D:4      | 4042 ||| Stepping randomly (stuck).
  4043 | D:4      | 4043 ||| Stepping randomly (stuck).
  4044 | D:4      | 4044 ||| Stepping randomly (stuck).
  4045 | D:4      | 4045 ||| Stepping randomly (stuck).
  4046 | D:4      | 4046 ||| Stepping randomly (stuck).
  4047 | D:4      | 4047 ||| Stepping randomly (stuck).
  4048 | D:4      | 4048 ||| Stepping randomly (stuck).
  4049 | D:4      | 4049 ||| Stepping randomly (stuck).
  4050 | D:4      | 4050 ||| Stepping randomly (stuck).
  4051 | D:4      | 4051 ||| Stepping randomly (stuck).
  4052 | D:4      | 4052 ||| Stepping randomly (stuck).
  4053 | D:4      | 4053 ||| Stepping randomly (stuck).
  4054 | D:4      | 4054 ||| Stepping randomly (stuck).
  4055 | D:4      | 4055 ||| Stepping randomly (stuck).
  4056 | D:4      | 4056 ||| Stepping randomly (stuck).
  4057 | D:4      | 4057 ||| Stepping randomly (stuck).
  4058 | D:4      | 4058 ||| Stepping randomly (stuck).
  4059 | D:4      | 4059 ||| Stepping randomly (stuck).
  4060 | D:4      | 4060 ||| Stepping randomly (stuck).
  4061 | D:4      | 4061 ||| Stepping randomly (stuck).
  4062 | D:4      | 4062 ||| Stepping randomly (stuck).
  4063 | D:4      | 4063 ||| Stepping randomly (stuck).
  4064 | D:4      | 4064 ||| Stepping randomly (stuck).
  4065 | D:4      | 4065 ||| Stepping randomly (stuck).
  4066 | D:4      | 4066 ||| Stepping randomly (stuck).
  4067 | D:4      | 4067 ||| Stepping randomly (stuck).
  4068 | D:4      | 4068 ||| Stepping randomly (stuck).
  4069 | D:4      | 4069 ||| Stepping randomly (stuck).
  4070 | D:4      | 4070 ||| Stepping randomly (stuck).
  4071 | D:4      | 4071 ||| Stepping randomly (stuck).
  4072 | D:4      | 4072 ||| Stepping randomly (stuck).
  4073 | D:4      | 4073 ||| Stepping randomly (stuck).
  4074 | D:4      | 4074 ||| Stepping randomly (stuck).
  4075 | D:4      | 4075 ||| Stepping randomly (stuck).
  4076 | D:4      | 4076 ||| Stepping randomly (stuck).
  4077 | D:4      | 4077 ||| Stepping randomly (stuck).
  4078 | D:4      | 4078 ||| Stepping randomly (stuck).
  4079 | D:4      | 4079 ||| Stepping randomly (stuck).
  4080 | D:4      | 4080 ||| Stepping randomly (stuck).
  4081 | D:4      | 4081 ||| Stepping randomly (stuck).
  4082 | D:4      | 4082 ||| Stepping randomly (stuck).
  4083 | D:4      | 4083 ||| Stepping randomly (stuck).
  4084 | D:4      | 4084 ||| Stepping randomly (stuck).
  4085 | D:4      | 4085 ||| Stepping randomly (stuck).
  4086 | D:4      | 4086 ||| Stepping randomly (stuck).
  4087 | D:4      | 4087 ||| Stepping randomly (stuck).
  4088 | D:4      | 4088 ||| Stepping randomly (stuck).
  4089 | D:4      | 4089 ||| Stepping randomly (stuck).
  4090 | D:4      | 4090 ||| Stepping randomly (stuck).
  4091 | D:4      | 4091 ||| Stepping randomly (stuck).
  4092 | D:4      | 4092 ||| Stepping randomly (stuck).
  4093 | D:4      | 4093 ||| Stepping randomly (stuck).
  4094 | D:4      | 4094 ||| Stepping randomly (stuck).
  4095 | D:4      | 4095 ||| Stepping randomly (stuck).
  4096 | D:4      | 4096 ||| Stepping randomly (stuck).
  4097 | D:4      | 4097 ||| Stepping randomly (stuck).
  4098 | D:4      | 4098 ||| Stepping randomly (stuck).
  4099 | D:4      | 4099 ||| Stepping randomly (stuck).
  4100 | D:4      | 4100 ||| Stepping randomly (stuck).
  4101 | D:4      | 4101 ||| Stepping randomly (stuck).
  4102 | D:4      | 4102 ||| Stepping randomly (stuck).
  4103 | D:4      | 4103 ||| Stepping randomly (stuck).
  4104 | D:4      | 4104 ||| Stepping randomly (stuck).
  4105 | D:4      | 4105 ||| Stepping randomly (stuck).
  4106 | D:4      | 4106 ||| Stepping randomly (stuck).
  4107 | D:4      | 4107 ||| Stepping randomly (stuck).
  4108 | D:4      | 4108 ||| Stepping randomly (stuck).
  4109 | D:4      | 4109 ||| Stepping randomly (stuck).
  4110 | D:4      | 4110 ||| Stepping randomly (stuck).
  4111 | D:4      | 4111 ||| Stepping randomly (stuck).
  4112 | D:4      | 4112 ||| Stepping randomly (stuck).
  4113 | D:4      | 4113 ||| Stepping randomly (stuck).
  4114 | D:4      | 4114 ||| Stepping randomly (stuck).
  4115 | D:4      | 4115 ||| Stepping randomly (stuck).
  4116 | D:4      | 4116 ||| Stepping randomly (stuck).
  4117 | D:4      | 4117 ||| Stepping randomly (stuck).
  4118 | D:4      | 4118 ||| Stepping randomly (stuck).
  4119 | D:4      | 4119 ||| Stepping randomly (stuck).
  4120 | D:4      | 4120 ||| Stepping randomly (stuck).
  4121 | D:4      | 4121 ||| Stepping randomly (stuck).
  4122 | D:4      | 4122 ||| Stepping randomly (stuck).
  4123 | D:4      | 4123 ||| Stepping randomly (stuck).
  4124 | D:4      | 4124 ||| Stepping randomly (stuck).
  4125 | D:4      | 4125 ||| Stepping randomly (stuck).
  4126 | D:4      | 4126 ||| Stepping randomly (stuck).
  4127 | D:4      | 4127 ||| Stepping randomly (stuck).
  4128 | D:4      | 4128 ||| Stepping randomly (stuck).
  4129 | D:4      | 4129 ||| Stepping randomly (stuck).
  4130 | D:4      | 4130 ||| Stepping randomly (stuck).
  4131 | D:4      | 4131 ||| Stepping randomly (stuck).
  4132 | D:4      | 4132 ||| Stepping randomly (stuck).
  4133 | D:4      | 4133 ||| Stepping randomly (stuck).
  4134 | D:4      | 4134 ||| Stepping randomly (stuck).
  4135 | D:4      | 4135 ||| Stepping randomly (stuck).
  4136 | D:4      | 4136 ||| Stepping randomly (stuck).
  4137 | D:4      | 4137 ||| Stepping randomly (stuck).
  4138 | D:4      | 4138 ||| Stepping randomly (stuck).
  4139 | D:4      | 4139 ||| Stepping randomly (stuck).
  4140 | D:4      | 4140 ||| Stepping randomly (stuck).
  4141 | D:4      | 4141 ||| Stepping randomly (stuck).
  4142 | D:4      | 4142 ||| Stepping randomly (stuck).
  4143 | D:4      | 4143 ||| Stepping randomly (stuck).
  4144 | D:4      | 4144 ||| Stepping randomly (stuck).
  4145 | D:4      | 4145 ||| Stepping randomly (stuck).
  4146 | D:4      | 4146 ||| Stepping randomly (stuck).
  4147 | D:4      | 4147 ||| Stepping randomly (stuck).
  4148 | D:4      | 4148 ||| Stepping randomly (stuck).
  4149 | D:4      | 4149 ||| Stepping randomly (stuck).
  4150 | D:4      | 4150 ||| Stepping randomly (stuck).
  4151 | D:4      | 4151 ||| Stepping randomly (stuck).
  4152 | D:4      | 4152 ||| Stepping randomly (stuck).
  4153 | D:4      | 4153 ||| Stepping randomly (stuck).
  4154 | D:4      | 4154 ||| Stepping randomly (stuck).
  4155 | D:4      | 4155 ||| Stepping randomly (stuck).
  4156 | D:4      | 4156 ||| Stepping randomly (stuck).
  4157 | D:4      | 4157 ||| Stepping randomly (stuck).
  4158 | D:4      | 4158 ||| Stepping randomly (stuck).
  4159 | D:4      | 4159 ||| Stepping randomly (stuck).
  4160 | D:4      | 4160 ||| Stepping randomly (stuck).
  4161 | D:4      | 4161 ||| Stepping randomly (stuck).
  4162 | D:4      | 4162 ||| Stepping randomly (stuck).
  4163 | D:4      | 4163 ||| Stepping randomly (stuck).
  4164 | D:4      | 4164 ||| Stepping randomly (stuck).
  4165 | D:4      | 4165 ||| Stepping randomly (stuck).
  4166 | D:4      | 4166 ||| Stepping randomly (stuck).
  4167 | D:4      | 4167 ||| Stepping randomly (stuck).
  4168 | D:4      | 4168 ||| Stepping randomly (stuck).
  4169 | D:4      | 4169 ||| Stepping randomly (stuck).
  4170 | D:4      | 4170 ||| Stepping randomly (stuck).
  4171 | D:4      | 4171 ||| Stepping randomly (stuck).
  4172 | D:4      | 4172 ||| Stepping randomly (stuck).
  4173 | D:4      | 4173 ||| Stepping randomly (stuck).
  4174 | D:4      | 4174 ||| Stepping randomly (stuck).
  4175 | D:4      | 4175 ||| Stepping randomly (stuck).
  4176 | D:4      | 4176 ||| Stepping randomly (stuck).
  4177 | D:4      | 4177 ||| Stepping randomly (stuck).
  4178 | D:4      | 4178 ||| Stepping randomly (stuck).
  4179 | D:4      | 4179 ||| Stepping randomly (stuck).
  4180 | D:4      | 4180 ||| Stepping randomly (stuck).
  4181 | D:4      | 4181 ||| Stepping randomly (stuck).
  4182 | D:4      | 4182 ||| Stepping randomly (stuck).
  4183 | D:4      | 4183 ||| Stepping randomly (stuck).
  4184 | D:4      | 4184 ||| Stepping randomly (stuck).
  4185 | D:4      | 4185 ||| Stepping randomly (stuck).
  4186 | D:4      | 4186 ||| Stepping randomly (stuck).
  4187 | D:4      | 4187 ||| Stepping randomly (stuck).
  4188 | D:4      | 4188 ||| Stepping randomly (stuck).
  4189 | D:4      | 4189 ||| Stepping randomly (stuck).
  4190 | D:4      | 4190 ||| Stepping randomly (stuck).
  4191 | D:4      | 4191 ||| Stepping randomly (stuck).
  4192 | D:4      | 4192 ||| Stepping randomly (stuck).
  4193 | D:4      | 4193 ||| Stepping randomly (stuck).
  4194 | D:4      | 4194 ||| Stepping randomly (stuck).
  4195 | D:4      | 4195 ||| Stepping randomly (stuck).
  4196 | D:4      | 4196 ||| Stepping randomly (stuck).
  4197 | D:4      | 4197 ||| Stepping randomly (stuck).
  4198 | D:4      | 4198 ||| Stepping randomly (stuck).
  4199 | D:4      | 4199 ||| Stepping randomly (stuck).
  4200 | D:4      | 4200 ||| Stepping randomly (stuck).
  4201 | D:4      | 4201 ||| Stepping randomly (stuck).
  4202 | D:4      | 4202 ||| Stepping randomly (stuck).
  4203 | D:4      | 4203 ||| Stepping randomly (stuck).
  4204 | D:4      | 4204 ||| Stepping randomly (stuck).
  4205 | D:4      | 4205 ||| Stepping randomly (stuck).
  4206 | D:4      | 4206 ||| Stepping randomly (stuck).
  4207 | D:4      | 4207 ||| Stepping randomly (stuck).
  4208 | D:4      | 4208 ||| Stepping randomly (stuck).
  4209 | D:4      | 4209 ||| Stepping randomly (stuck).
  4210 | D:4      | 4210 ||| Stepping randomly (stuck).
  4211 | D:4      | 4211 ||| Stepping randomly (stuck).
  4212 | D:4      | 4212 ||| Stepping randomly (stuck).
  4213 | D:4      | 4213 ||| Stepping randomly (stuck).
  4214 | D:4      | 4214 ||| Stepping randomly (stuck).
  4215 | D:4      | 4215 ||| Stepping randomly (stuck).
  4216 | D:4      | 4216 ||| Stepping randomly (stuck).
  4217 | D:4      | 4217 ||| Stepping randomly (stuck).
  4218 | D:4      | 4218 ||| Stepping randomly (stuck).
  4219 | D:4      | 4219 ||| Stepping randomly (stuck).
  4220 | D:4      | 4220 ||| Stepping randomly (stuck).
  4221 | D:4      | 4221 ||| Stepping randomly (stuck).
  4222 | D:4      | 4222 ||| Stepping randomly (stuck).
  4223 | D:4      | 4223 ||| Stepping randomly (stuck).
  4224 | D:4      | 4224 ||| Stepping randomly (stuck).
  4225 | D:4      | 4225 ||| Stepping randomly (stuck).
  4226 | D:4      | 4226 ||| Stepping randomly (stuck).
  4227 | D:4      | 4227 ||| Stepping randomly (stuck).
  4228 | D:4      | 4228 ||| Stepping randomly (stuck).
  4229 | D:4      | 4229 ||| Stepping randomly (stuck).
  4230 | D:4      | 4230 ||| Stepping randomly (stuck).
  4231 | D:4      | 4231 ||| Stepping randomly (stuck).
  4232 | D:4      | 4232 ||| Stepping randomly (stuck).
  4233 | D:4      | 4233 ||| Stepping randomly (stuck).
  4234 | D:4      | 4234 ||| Stepping randomly (stuck).
  4235 | D:4      | 4235 ||| Stepping randomly (stuck).
  4236 | D:4      | 4236 ||| Stepping randomly (stuck).
  4237 | D:4      | 4237 ||| Stepping randomly (stuck).
  4238 | D:4      | 4238 ||| Stepping randomly (stuck).
  4239 | D:4      | 4239 ||| Stepping randomly (stuck).
  4240 | D:4      | 4240 ||| Stepping randomly (stuck).
  4241 | D:4      | 4241 ||| Stepping randomly (stuck).
  4242 | D:4      | 4242 ||| Stepping randomly (stuck).
  4243 | D:4      | 4243 ||| Stepping randomly (stuck).
  4244 | D:4      | 4244 ||| Stepping randomly (stuck).
  4245 | D:4      | 4245 ||| Stepping randomly (stuck).
  4246 | D:4      | 4246 ||| Stepping randomly (stuck).
  4247 | D:4      | 4247 ||| Stepping randomly (stuck).
  4248 | D:4      | 4248 ||| Stepping randomly (stuck).
  4249 | D:4      | 4249 ||| Stepping randomly (stuck).
  4250 | D:4      | 4250 ||| Stepping randomly (stuck).
  4251 | D:4      | 4251 ||| Stepping randomly (stuck).
  4252 | D:4      | 4252 ||| Stepping randomly (stuck).
  4253 | D:4      | 4253 ||| Stepping randomly (stuck).
  4254 | D:4      | 4254 ||| Stepping randomly (stuck).
  4255 | D:4      | 4255 ||| Stepping randomly (stuck).
  4256 | D:4      | 4256 ||| Stepping randomly (stuck).
  4257 | D:4      | 4257 ||| Stepping randomly (stuck).
  4258 | D:4      | 4258 ||| Stepping randomly (stuck).
  4259 | D:4      | 4259 ||| Stepping randomly (stuck).
  4260 | D:4      | 4260 ||| Stepping randomly (stuck).
  4261 | D:4      | 4261 ||| Stepping randomly (stuck).
  4262 | D:4      | 4262 ||| Stepping randomly (stuck).
  4263 | D:4      | 4263 ||| Stepping randomly (stuck).
  4264 | D:4      | 4264 ||| Stepping randomly (stuck).
  4265 | D:4      | 4265 ||| Stepping randomly (stuck).
  4266 | D:4      | 4266 ||| Stepping randomly (stuck).
  4267 | D:4      | 4267 ||| Stepping randomly (stuck).
  4268 | D:4      | 4268 ||| Stepping randomly (stuck).
  4269 | D:4      | 4269 ||| Stepping randomly (stuck).
  4270 | D:4      | 4270 ||| Stepping randomly (stuck).
  4271 | D:4      | 4271 ||| Stepping randomly (stuck).
  4272 | D:4      | 4272 ||| Stepping randomly (stuck).
  4273 | D:4      | 4273 ||| Stepping randomly (stuck).
  4274 | D:4      | 4274 ||| Stepping randomly (stuck).
  4275 | D:4      | 4275 ||| Stepping randomly (stuck).
  4276 | D:4      | 4276 ||| Stepping randomly (stuck).
  4277 | D:4      | 4277 ||| Stepping randomly (stuck).
  4278 | D:4      | 4278 ||| Stepping randomly (stuck).
  4279 | D:4      | 4279 ||| Stepping randomly (stuck).
  4280 | D:4      | 4280 ||| Stepping randomly (stuck).
  4281 | D:4      | 4281 ||| Stepping randomly (stuck).
  4282 | D:4      | 4282 ||| Stepping randomly (stuck).
  4283 | D:4      | 4283 ||| Stepping randomly (stuck).
  4284 | D:4      | 4284 ||| Stepping randomly (stuck).
  4285 | D:4      | 4285 ||| Stepping randomly (stuck).
  4286 | D:4      | 4286 ||| Stepping randomly (stuck).
  4287 | D:4      | 4287 ||| Stepping randomly (stuck).
  4288 | D:4      | 4288 ||| Stepping randomly (stuck).
  4289 | D:4      | 4289 ||| Stepping randomly (stuck).
  4290 | D:4      | 4290 ||| Stepping randomly (stuck).
  4291 | D:4      | 4291 ||| Stepping randomly (stuck).
  4292 | D:4      | 4292 ||| Stepping randomly (stuck).
  4293 | D:4      | 4293 ||| Stepping randomly (stuck).
  4294 | D:4      | 4294 ||| Stepping randomly (stuck).
  4295 | D:4      | 4295 ||| Stepping randomly (stuck).
  4296 | D:4      | 4296 ||| Stepping randomly (stuck).
  4297 | D:4      | 4297 ||| Stepping randomly (stuck).
  4298 | D:4      | 4298 ||| Stepping randomly (stuck).
  4299 | D:4      | 4299 ||| Stepping randomly (stuck).
  4300 | D:4      | 4300 ||| Stepping randomly (stuck).
  4301 | D:4      | 4301 ||| Stepping randomly (stuck).
  4302 | D:4      | 4302 ||| Stepping randomly (stuck).
  4303 | D:4      | 4303 ||| Stepping randomly (stuck).
  4304 | D:4      | 4304 ||| Stepping randomly (stuck).
  4305 | D:4      | 4305 ||| Stepping randomly (stuck).
  4306 | D:4      | 4306 ||| Stepping randomly (stuck).
  4307 | D:4      | 4307 ||| Stepping randomly (stuck).
  4308 | D:4      | 4308 ||| Stepping randomly (stuck).
  4309 | D:4      | 4309 ||| Stepping randomly (stuck).
  4310 | D:4      | 4310 ||| Stepping randomly (stuck).
  4311 | D:4      | 4311 ||| Stepping randomly (stuck).
  4312 | D:4      | 4312 ||| Stepping randomly (stuck).
  4313 | D:4      | 4313 ||| Stepping randomly (stuck).
  4314 | D:4      | 4314 ||| Stepping randomly (stuck).
  4315 | D:4      | 4315 ||| Stepping randomly (stuck).
  4316 | D:4      | 4316 ||| Stepping randomly (stuck).
  4317 | D:4      | 4317 ||| Stepping randomly (stuck).
  4318 | D:4      | 4318 ||| Stepping randomly (stuck).
  4319 | D:4      | 4319 ||| Stepping randomly (stuck).
  4320 | D:4      | 4320 ||| Stepping randomly (stuck).
  4321 | D:4      | 4321 ||| Stepping randomly (stuck).
  4322 | D:4      | 4322 ||| Stepping randomly (stuck).
  4323 | D:4      | 4323 ||| Stepping randomly (stuck).
  4324 | D:4      | 4324 ||| Stepping randomly (stuck).
  4325 | D:4      | 4325 ||| Stepping randomly (stuck).
  4326 | D:4      | 4326 ||| Stepping randomly (stuck).
  4327 | D:4      | 4327 ||| Stepping randomly (stuck).
  4328 | D:4      | 4328 ||| Stepping randomly (stuck).
  4329 | D:4      | 4329 ||| Stepping randomly (stuck).
  4330 | D:4      | 4330 ||| Stepping randomly (stuck).
  4331 | D:4      | 4331 ||| Stepping randomly (stuck).
  4332 | D:4      | 4332 ||| Stepping randomly (stuck).
  4333 | D:4      | 4333 ||| Stepping randomly (stuck).
  4334 | D:4      | 4334 ||| Stepping randomly (stuck).
  4335 | D:4      | 4335 ||| Stepping randomly (stuck).
  4336 | D:4      | 4336 ||| Stepping randomly (stuck).
  4337 | D:4      | 4337 ||| Stepping randomly (stuck).
  4338 | D:4      | 4338 ||| Stepping randomly (stuck).
  4339 | D:4      | 4339 ||| Stepping randomly (stuck).
  4340 | D:4      | 4340 ||| Stepping randomly (stuck).
  4341 | D:4      | 4341 ||| Stepping randomly (stuck).
  4342 | D:4      | 4342 ||| Stepping randomly (stuck).
  4343 | D:4      | 4343 ||| Stepping randomly (stuck).
  4344 | D:4      | 4344 ||| Stepping randomly (stuck).
  4345 | D:4      | 4345 ||| Stepping randomly (stuck).
  4346 | D:4      | 4346 ||| Stepping randomly (stuck).
  4347 | D:4      | 4347 ||| Stepping randomly (stuck).
  4348 | D:4      | 4348 ||| Stepping randomly (stuck).
  4349 | D:4      | 4349 ||| Stepping randomly (stuck).
  4350 | D:4      | 4350 ||| Stepping randomly (stuck).
  4351 | D:4      | 4351 ||| Stepping randomly (stuck).
  4352 | D:4      | 4352 ||| Stepping randomly (stuck).
  4353 | D:4      | 4353 ||| Stepping randomly (stuck).
  4354 | D:4      | 4354 ||| Stepping randomly (stuck).
  4355 | D:4      | 4355 ||| Stepping randomly (stuck).
  4356 | D:4      | 4356 ||| Stepping randomly (stuck).
  4357 | D:4      | 4357 ||| Stepping randomly (stuck).
  4358 | D:4      | 4358 ||| Stepping randomly (stuck).
  4359 | D:4      | 4359 ||| Stepping randomly (stuck).
  4360 | D:4      | 4360 ||| Stepping randomly (stuck).
  4361 | D:4      | 4361 ||| Stepping randomly (stuck).
  4362 | D:4      | 4362 ||| Stepping randomly (stuck).
  4363 | D:4      | 4363 ||| Stepping randomly (stuck).
  4364 | D:4      | 4364 ||| Stepping randomly (stuck).
  4365 | D:4      | 4365 ||| Stepping randomly (stuck).
  4366 | D:4      | 4366 ||| Stepping randomly (stuck).
  4367 | D:4      | 4367 ||| Stepping randomly (stuck).
  4368 | D:4      | 4368 ||| Stepping randomly (stuck).
  4369 | D:4      | 4369 ||| Stepping randomly (stuck).
  4370 | D:4      | 4370 ||| Stepping randomly (stuck).
  4371 | D:4      | 4371 ||| Stepping randomly (stuck).
  4372 | D:4      | 4372 ||| Stepping randomly (stuck).
  4373 | D:4      | 4373 ||| Stepping randomly (stuck).
  4374 | D:4      | 4374 ||| Stepping randomly (stuck).
  4375 | D:4      | 4375 ||| Stepping randomly (stuck).
  4376 | D:4      | 4376 ||| Stepping randomly (stuck).
  4377 | D:4      | 4377 ||| Stepping randomly (stuck).
  4378 | D:4      | 4378 ||| Stepping randomly (stuck).
  4379 | D:4      | 4379 ||| Stepping randomly (stuck).
  4380 | D:4      | 4380 ||| Stepping randomly (stuck).
  4381 | D:4      | 4381 ||| Stepping randomly (stuck).
  4382 | D:4      | 4382 ||| Stepping randomly (stuck).
  4383 | D:4      | 4383 ||| Stepping randomly (stuck).
  4384 | D:4      | 4384 ||| Stepping randomly (stuck).
  4385 | D:4      | 4385 ||| Stepping randomly (stuck).
  4386 | D:4      | 4386 ||| Stepping randomly (stuck).
  4387 | D:4      | 4387 ||| Stepping randomly (stuck).
  4388 | D:4      | 4388 ||| Stepping randomly (stuck).
  4389 | D:4      | 4389 ||| Stepping randomly (stuck).
  4390 | D:4      | 4390 ||| Stepping randomly (stuck).
  4391 | D:4      | 4391 ||| Stepping randomly (stuck).
  4392 | D:4      | 4392 ||| Stepping randomly (stuck).
  4393 | D:4      | 4393 ||| Stepping randomly (stuck).
  4394 | D:4      | 4394 ||| Stepping randomly (stuck).
  4395 | D:4      | 4395 ||| Stepping randomly (stuck).
  4396 | D:4      | 4396 ||| Stepping randomly (stuck).
  4397 | D:4      | Quit the game

Levels and vault maps discovered:
D:1:      spicycebolla_arrival_risky_transporter, layout_basic, serial_bayou,
          serial_bayou_pond_e, serial_bayou_pond_a, serial_bayou_pond_c,
          serial_bayou_lagoon_a, serial_bayou_pond_b
D:2:      layout_rooms, shapermc_ecumenical_altar_mp_ritualfount, basic_altar
D:3:      layout_loops_corners, gammafunk_ghost_stat_death,
          amcnicky_mini_corridor_feature, hangedman_abyss_or_decor_stabs,
          serial_park_tiny_1, st_stairs_1, kennysheep_generic_room_9,
          uniq_robin, uniq_jessica
D:4:      minmay_clustersquares, layout_basic
D:5:      layout_loops_ring, minmay_misc_feat_iff, minmay_misc_feat_alley
D:6:      layout_basic, temple_pool_b, uniq_blork_the_orc, uniq_duvessa
D:7:      layout_layer_cave

Skill      XL: |  1  2  3  4  5  6 |
---------------+-------------------+-----
Axes           | 2 3 4 5 |  5.0
Dodging        | 2 |  2.1
Fighting       | 4 |  4.1
Armour         | |  3.2
Shields        | |  3.2

Action                     |  1- 3 |  4- 6 || total
---------------------------+-------+-------++-------
  Melee: War axe           |    82 |   117 ||   199
    Use: Scroll            |     2 |     5 ||     7
         Potion            |       |     2 ||     2
 Armour: Scale mail        |    16 |       ||    16
         Plate armour      |    18 |    63 ||    81
  Dodge: Dodged            |    21 |    34 ||    55
  Block: Buckler           |    11 |    25 ||    36

Table legend:
 A = Non-vault XP
 B = Vault XP
 C = Vault XP percentage of total XP
 D = Non-vault monster count
 E = Vault monster count
 F = Vault count percentage of total count
                 A         B        C        D         E       F
            +---------+---------+-------+---------+---------+-------
      Total |     370 |      84 |  18.5 |      56 |      19 |  25.3
            +---------+---------+-------+---------+---------+-------
        D:1 |      31 |       5 |  13.9 |      16 |       3 |  15.8
        D:2 |      50 |       0 |   0.0 |      15 |       0 |   0.0
        D:3 |      21 |      79 |  79.0 |      11 |      16 |  59.3
        D:4 |     170 |       0 |   0.0 |      11 |       0 |   0.0
        D:5 |      80 |       0 |   0.0 |       1 |       0 |   0.0
        D:7 |      18 |       0 |   0.0 |       2 |       0 |   0.0
            +---------+---------+-------+---------+---------+-------
